Workbook

Sheet RESUMEN
A2: LOTES | B2: PRESUPUESTO SIN IVA 2 AÑOS | C2: IVA | D2: PRESUPUESTO CON IVA A 2 AÑOS | E2: OFERTA SIN IVA A 2 AÑOS | F2: OFERTA CON IVA A 2 AÑOS
A3: LOTE 1 | B3: ='LOTE 1'!L537 -> 544518.04 | C3: =D3-B3 -> 104639.29 | D3: ='LOTE 1'!M537 -> 649157.33 | E3: ='LOTE 1'!R537 -> 0 | F3: ='LOTE 1'!S538 -> 0
A4: LOTE 2 | B4: ='LOTE 2'!L130 -> 95457.42 | C4: =D4-B4 -> 16794.353 | D4: ='LOTE 2'!M130 -> 112251.77 | E4: ='LOTE 2'!R130 -> 0 | F4: ='LOTE 2'!S131 -> 0
A5: LOTE 3 | B5: ='LOTE 3'!L8 -> 53137.92 | C5: =D5-B5 -> 9536.5512 | D5: ='LOTE 3'!M8 -> 62674.471 | E5: ='LOTE 3'!R8 -> 0 | F5: ='LOTE 3'!S9 -> 0
A6: LOTE 4 | B6: ='LOTE 4'!L24 -> 76421.7 | C6: =D6-B6 -> 16048.557 | D6: ='LOTE 4'!M24 -> 92470.257 | E6: ='LOTE 4'!R24 -> 0 | F6: ='LOTE 4'!S25 -> 0
A7: LOTE 5 | B7: ='LOTE 5'!L30 -> 57387.68 | C7: =D7-B7 -> 8225.3928 | D7: ='LOTE 5'!M30 -> 65613.073 | E7: ='LOTE 5'!R30 -> 0 | F7: ='LOTE 5'!S31 -> 0
A9: LOTES | B9: VALOR ESTIMADO
A10: LOTE 1 | B10: =B3 -> 544518.04
A11: LOTE 2 | B11: =B4 -> 95457.42
A12: LOTE 3 | B12: =B5 -> 53137.92
A13: LOTE 4 | B13: =B6 -> 76421.7
A14: LOTE 5 | B14: =B7 -> 57387.68
A16: TOTAL PBL EXP sin iva | B16: =SUM(B3:B7) -> 826922.76 | D16: Distribucion plurianual | E16: importe
A17: IVA | B17: =SUM(C3:C7) -> 155244.14 | D17: 2026 | E17: =B16/2 -> 413461.38
A18: TOTAL PBL EXP CON IVA | B18: =SUM(D3:D7) -> 982166.9 | D18: 2027 | E18: =B16/2 -> 413461.38
A19: total valor prorrogas | B19: -
A20: VALOR ESTIMADO | B20: =SUM(B3:B7) -> 826922.76

Sheet LOTE 1
A1: LOTE 1 | C1: LOTE 1
A2: FAMILIA PIXEL | B2: SUBFAMILIA PIXEL | C2: NOMBRE | D2: MATERIAL MUTUA MONTAÑESA | E2: DESCRIPCIÓN ARTÍCULO SOLICITADO MM | F2: Referencia Fabricante | G2: Cantidad estimada PARA 1 AÑO | H2: Cantidad estimada PARA 2 AÑOS | I2: Precio Unitario MAXIMO | J2: IVA | K2: Precio unitario con IVA Incrementado | L2: PBL 2 AÑOS SIN IVA | M2: PBL anual + IVA | N2: CAJA ó UNIDAD | O2: UNIDADES | P2: PRECIO UNITARIO OFERTADO SIN IVA | Q2: PRECIO UNITARIO OFERTADO CON IVA | R2: OFERTA TOTAL 2 AÑOS SIN IVA | S2: OFERTA TOTAL 2 AÑOS CON IVA | T2: REFERENCIA FABRICANTE OFERTADO
A3: Productos Farmacéuticos | B3: Sueros y dializantes | C3: Suero fisiológico 0.9% irrigación | D3: 3001SUER00001 | E3: Suero fisiológico 0.9% irrigación | G3: 4 | H3: =G3*2 -> 8 | I3: 7.48 | J3: 0.21 | K3: =I3+I3*J3 -> 9.0508 | L3: =H3*I3 -> 59.84 | M3: =H3*K3 -> 72.4064 | N3: Caja | O3: 10 | Q3: =P3+P3*J3 -> 0 | R3: =P3*H3 -> 0 | S3: =R3+R3*J3 -> 0
A4: Productos Farmacéuticos | B4: Sueros y dializantes | C4: Suero Fisiológico 0.9 % solución. Clorur | D4: 3001SUER00002 | E4: Suero Fisiológico 0.9 % solución. Cloruro sódico al 0,9% en agua para irrigación. Estéril. 20x250ml | G4: 81 | H4: =G4*2 -> 162 | I4: 14.15 | J4: 0.21 | K4: =I4+I4*J4 -> 17.1215 | L4: =H4*I4 -> 2292.3 | M4: =H4*K4 -> 2773.683 | N4: Caja | O4: 20 | Q4: =P4+P4*J4 -> 0 | R4: =P4*H4 -> 0 | S4: =R4+R4*J4 -> 0
A5: Productos Farmacéuticos | B5: Sueros y dializantes | C5: Suero fisiológico 10ml. | D5: 3001SUER00003 | E5: Suero fisiológico 10ml. | G5: 14 | H5: =G5*2 -> 28 | I5: 2.23 | J5: 0.21 | K5: =I5+I5*J5 -> 2.6983 | L5: =H5*I5 -> 62.44 | M5: =H5*K5 -> 75.5524 | N5: Caja | O5: 10 | Q5: =P5+P5*J5 -> 0 | R5: =P5*H5 -> 0 | S5: =R5+R5*J5 -> 0
A6: Productos Farmacéuticos | B6: Sueros y dializantes | C6: Suero fisiológico estéril para nariz-ojo | D6: 3001SUER00004 | E6: Suero fisiológico estéril para nariz-ojos. Monodosis 5ml. | G6: 6 | H6: =G6*2 -> 12 | I6: 2.56 | J6: 0.21 | K6: =I6+I6*J6 -> 3.0976 | L6: =H6*I6 -> 30.72 | M6: =H6*K6 -> 37.1712 | N6: Caja | O6: 30 | Q6: =P6+P6*J6 -> 0 | R6: =P6*H6 -> 0 | S6: =R6+R6*J6 -> 0
A7: Productos Farmacéuticos | B7: Sueros y dializantes | C7: Suero fisiológico irrigación 0,9% uromat | D7: 3001SUER00005 | E7: Suero fisiológico irrigación 0,9% uromatic 3000ml | G7: 252 | H7: =G7*2 -> 504 | I7: 19.04 | J7: 0.21 | K7: =I7+I7*J7 -> 23.0384 | L7: =H7*I7 -> 9596.16 | M7: =H7*K7 -> 11611.354 | N7: Caja | O7: 4 | Q7: =P7+P7*J7 -> 0 | R7: =P7*H7 -> 0 | S7: =R7+R7*J7 -> 0
A8: Productos Farmacéuticos | B8: Sueros y dializantes | C8: Suero NaCl 0,9% para irrigación y limpie | D8: 3001SUER00006 | E8: Suero NaCl 0,9% para irrigación y limpieza durante una intervención quirúrgica 500 ml. Envase flexible de polietileno, sin aditivos, de un solo componente. Totalmente reciclable. Apertura rápida “twist-off” (de torsión).Diseño ergonómico: el diámetro de la botella y su formato tipo “cilindro” es apropiado para obtener una mayor control de la presión y dirección del líquido, facilitando el lavado. Bolsa externa formada por una capa interna de polipropileno de 75µm y una externa de poliamida de 25 µm, que garantiza la esterilidad del producto para utilizarlo directamente en el campo quirúrgico. | F8: 387866 | G8: 12 | H8: =G8*2 -> 24 | I8: 22.44 | J8: 0.21 | K8: =I8+I8*J8 -> 27.1524 | L8: =H8*I8 -> 538.56 | M8: =H8*K8 -> 651.6576 | N8: Caja | O8: 10 | Q8: =P8+P8*J8 -> 0 | R8: =P8*H8 -> 0 | S8: =R8+R8*J8 -> 0
A9: Productos Farmacéuticos | B9: Sueros y dializantes | C9: Suero fisiológico irrigación 0,9% ecolav | D9: 3001SUER00007 | E9: Suero fisiológico irrigación 0,9% ecolav 250ml | G9: 10 | H9: =G9*2 -> 20 | I9: 13.26 | J9: 0.21 | K9: =I9+I9*J9 -> 16.0446 | L9: =H9*I9 -> 265.2 | M9: =H9*K9 -> 320.892 | N9: Caja | O9: 20 | Q9: =P9+P9*J9 -> 0 | R9: =P9*H9 -> 0 | S9: =R9+R9*J9 -> 0
A10: Productos Farmacéuticos | B10: Sueros y dializantes | C10: Suero fisiológico Lisubel 30 monodosis 5 | D10: 3001SUER00008 | E10: Suero fisiológico Lisubel 30 monodosis 5 ml. | G10: 3 | H10: =G10*2 -> 6 | I10: 1.97 | J10: 0.21 | K10: =I10+I10*J10 -> 2.3837 | L10: =H10*I10 -> 11.82 | M10: =H10*K10 -> 14.3022 | N10: Caja | O10: 30 | Q10: =P10+P10*J10 -> 0 | R10: =P10*H10 -> 0 | S10: =R10+R10*J10 -> 0
A11: Productos Farmacéuticos | B11: Otros productos farmacéuticos. | C11: Aceite rosa mosqueta 30ml | D11: 3090CREM00001 | E11: Aceite rosa mosqueta 30ml | G11: 3 | H11: =G11*2 -> 6 | I11: 7.47 | J11: 0.21 | K11: =I11+I11*J11 -> 9.0387 | L11: =H11*I11 -> 44.82 | M11: =H11*K11 -> 54.2322 | N11: Unidad | O11: 1 | Q11: =P11+P11*J11 -> 0 | R11: =P11*H11 -> 0 | S11: =R11+R11*J11 -> 0
A12: Productos Farmacéuticos | B12: Otros productos farmacéuticos. | C12: Crema de bálsamo de harpago 1 litro. | D12: 3090CREM00002 | E12: Crema de bálsamo de harpago 1 litro. | F12: PI1201 | G12: 1 | H12: =G12*2 -> 2 | I12: 51.3 | J12: 0.21 | K12: =I12+I12*J12 -> 62.073 | L12: =H12*I12 -> 102.6 | M12: =H12*K12 -> 124.146 | N12: Unidad | O12: 1 | Q12: =P12+P12*J12 -> 0 | R12: =P12*H12 -> 0 | S12: =R12+R12*J12 -> 0
A13: Productos Farmacéuticos | B13: Otros productos farmacéuticos. | C13: Crema hidratante con urea de alta hidrat | D13: 3090CREM00003 | E13: Crema hidratante con urea de alta hidratación y rápida absorción de 1000ml | F13: AC-460-UR | G13: 14 | H13: =G13*2 -> 28 | I13: 2.17 | J13: 0.21 | K13: =I13+I13*J13 -> 2.6257 | L13: =H13*I13 -> 60.76 | M13: =H13*K13 -> 73.5196 | N13: Unidad | O13: 1 | Q13: =P13+P13*J13 -> 0 | R13: =P13*H13 -> 0 | S13: =R13+R13*J13 -> 0
A14: Productos Farmacéuticos | B14: Otros productos farmacéuticos. | C14: Gel para masaje.Ingredientes naturales á | D14: 3090CREM00004 | E14: Gel para masaje en la preparación del músculo y los ligamentos. Fórmula con ingredientes naturales árnica, hipérico, caléndula y malaleuca. 60ml. | G14: 32 | H14: =G14*2 -> 64 | I14: 9.46 | J14: 0.21 | K14: =I14+I14*J14 -> 11.4466 | L14: =H14*I14 -> 605.44 | M14: =H14*K14 -> 732.5824 | N14: Unidad | O14: 1 | Q14: =P14+P14*J14 -> 0 | R14: =P14*H14 -> 0 | S14: =R14+R14*J14 -> 0
A15: Productos Farmacéuticos | B15: Otros productos farmacéuticos. | C15: Gel para masaje con ingredientes natural | D15: 3090CREM00005 | E15: Gel para masaje en la preparación del músculo y los ligamentos. Fórmula con ingredientes naturales árnica, hipérico, caléndula y malaleuca. 250ml. | G15: 315 | H15: =G15*2 -> 630 | I15: 21.42 | J15: 0.21 | K15: =I15+I15*J15 -> 25.9182 | L15: =H15*I15 -> 13494.6 | M15: =H15*K15 -> 16328.466 | N15: Unidad | O15: 1 | Q15: =P15+P15*J15 -> 0 | R15: =P15*H15 -> 0 | S15: =R15+R15*J15 -> 0
A16: Productos Farmacéuticos | B16: Otros productos farmacéuticos. | C16: Leche de masaje para todo tipo de pieles | D16: 3090CREM00006 | E16: Leche de masaje para todo tipo de pieles. 500ml | G16: 1 | H16: =G16*2 -> 2 | I16: 7.48 | J16: 0.21 | K16: =I16+I16*J16 -> 9.0508 | L16: =H16*I16 -> 14.96 | M16: =H16*K16 -> 18.1016 | N16: Unidad | O16: 1 | Q16: =P16+P16*J16 -> 0 | R16: =P16*H16 -> 0 | S16: =R16+R16*J16 -> 0
A17: Productos Farmacéuticos | B17: Otros productos farmacéuticos. | C17: Ungüento analgésico de calor suave. Ingr | D17: 3090CREM00007 | E17: Ungüento analgésico de calor suave. Ingredientes activos: salicilato de metilo y mentol. | F17: AV1999 | G17: 20 | H17: =G17*2 -> 40 | I17: 30.37 | J17: 0.21 | K17: =I17+I17*J17 -> 36.7477 | L17: =H17*I17 -> 1214.8 | M17: =H17*K17 -> 1469.908 | N17: Unidad | O17: 1 | Q17: =P17+P17*J17 -> 0 | R17: =P17*H17 -> 0 | S17: =R17+R17*J17 -> 0
A18: Material Sanitario de Consumo | B18: Material de radiodiagnósticos. | C18: Cascos optima peltor protección ruido | D18: 3100INST00001 | E18: Cascos optima peltor protección ruido | F18: 000835 H510A | G18: 1 | H18: =G18*2 -> 2 | I18: 17.26 | J18: 0.21 | K18: =I18+I18*J18 -> 20.8846 | L18: =H18*I18 -> 34.52 | M18: =H18*K18 -> 41.7692 | N18: Unidad | O18: 1 | Q18: =P18+P18*J18 -> 0 | R18: =P18*H18 -> 0 | S18: =R18+R18*J18 -> 0
A19: Material Sanitario de Consumo | B19: Catéteres, sondas, drenajes, colectores y membranas de diálisis. | C19: Aguja de anestesia 22 GR, aguja bisel qu | D19: 3110AGUJ00002 | E19: Aguja de anestesia 22 GR, aguja bisel quincke para anestesia espinal y punción lumbar diagnóstica. | F19: 405256 | G19: 4 | H19: =G19*2 -> 8 | I19: 39.44 | J19: 0.21 | K19: =I19+I19*J19 -> 47.7224 | L19: =H19*I19 -> 315.52 | M19: =H19*K19 -> 381.7792 | N19: Caja | O19: 25 | Q19: =P19+P19*J19 -> 0 | R19: =P19*H19 -> 0 | S19: =R19+R19*J19 -> 0
A20: Material Sanitario de Consumo | B20: Catéteres, sondas, drenajes, colectores y membranas de diálisis. | C20: Aguja de punción seca sujeta al tubo guí | D20: 3110AGUJ00003 | E20: Aguja de punción seca sujeta al tubo guía mediante mecanismo click, sin componentes químicos en la sujeción de la aguja. 0,25X25 | F20: 507957 | G20: 4 | H20: =G20*2 -> 8 | I20: 11.03 | J20: 0.21 | K20: =I20+I20*J20 -> 13.3463 | L20: =H20*I20 -> 88.24 | M20: =H20*K20 -> 106.7704 | N20: Caja | O20: 100 | Q20: =P20+P20*J20 -> 0 | R20: =P20*H20 -> 0 | S20: =R20+R20*J20 -> 0
A21: Material Sanitario de Consumo | B21: Catéteres, sondas, drenajes, colectores y membranas de diálisis. | C21: Aguja de punción seca sujeta al tubo guí | D21: 3110AGUJ00004 | E21: Aguja de punción seca sujeta al tubo guía mediante mecanismo click, sin componentes químicos en la sujeción de la aguja. 0,25X40. | F21: 507958 | G21: 4 | H21: =G21*2 -> 8 | I21: 10.81 | J21: 0.21 | K21: =I21+I21*J21 -> 13.0801 | L21: =H21*I21 -> 86.48 | M21: =H21*K21 -> 104.6408 | N21: Caja | O21: 100 | Q21: =P21+P21*J21 -> 0 | R21: =P21*H21 -> 0 | S21: =R21+R21*J21 -> 0
A22: Material Sanitario de Consumo | B22: Catéteres, sondas, drenajes, colectores y membranas de diálisis. | C22: Aguja de punción seca sujeta al tubo guí | D22: 3110AGUJ00005 | E22: Aguja de punción seca sujeta al tubo guía mediante mecanismo click, sin componentes químicos en la sujeción de la aguja.0,30X60. | F22: 507961 | G22: 4 | H22: =G22*2 -> 8 | I22: 11.66 | J22: 0.21 | K22: =I22+I22*J22 -> 14.1086 | L22: =H22*I22 -> 93.28 | M22: =H22*K22 -> 112.8688 | N22: Caja | O22: 100 | Q22: =P22+P22*J22 -> 0 | R22: =P22*H22 -> 0 | S22: =R22+R22*J22 -> 0
A23: Material Sanitario de Consumo | B23: Catéteres, sondas, drenajes, colectores y membranas de diálisis. | C23: Aguja de punta lápiz para anestesia espi | D23: 3110AGUJ00006 | E23: Aguja de punta lápiz para anestesia espinal n° 27 G. | F23: 405075 | G23: 2 | H23: =G23*2 -> 4 | I23: 276.17 | J23: 0.21 | K23: =I23+I23*J23 -> 334.1657 | L23: =H23*I23 -> 1104.68 | M23: =H23*K23 -> 1336.6628 | N23: Caja | O23: 25 | Q23: =P23+P23*J23 -> 0 | R23: =P23*H23 -> 0 | S23: =R23+R23*J23 -> 0
A24: Material Sanitario de Consumo | B24: Catéteres, sondas, drenajes, colectores y membranas de diálisis. | C24: Aguja para la localización y bloqueo ane | D24: 3110AGUJ00007 | E24: Aguja para la localización y bloqueo anestésico mediante técnica de punción única aplicada a la anestesia de plexos y nervios periféricos guiada a través de ecografía y neuroestimulación 360° 22 G x 2 0.70 x 50mm. | F24: 4894502 | G24: 1 | H24: =G24*2 -> 2 | I24: 358.28 | J24: 0.21 | K24: =I24+I24*J24 -> 433.5188 | L24: =H24*I24 -> 716.56 | M24: =H24*K24 -> 867.0376 | N24: Caja | O24: 25 | Q24: =P24+P24*J24 -> 0 | R24: =P24*H24 -> 0 | S24: =R24+R24*J24 -> 0
A25: Material Sanitario de Consumo | B25: Catéteres, sondas, drenajes, colectores y membranas de diálisis. | C25: Aguja para la localización y bloqueo ane | D25: 3110AGUJ00008 | E25: Aguja para la localización y bloqueo anestésico mediante técnica de punción única aplicada a la anestesia de plexos y nervios periféricos guiada a través de ecografía y neuroestimulación. 360° 20 G x 4 0.90 x 100mm. | F25: 4892510-01 | G25: 2 | H25: =G25*2 -> 4 | I25: 821.67 | J25: 0.21 | K25: =I25+I25*J25 -> 994.2207 | L25: =H25*I25 -> 3286.68 | M25: =H25*K25 -> 3976.8828 | N25: Caja | O25: 25 | Q25: =P25+P25*J25 -> 0 | R25: =P25*H25 -> 0 | S25: =R25+R25*J25 -> 0
A26: Material Sanitario de Consumo | B26: Catéteres, sondas, drenajes, colectores y membranas de diálisis. | C26: Aguja para la localización y bloqueo ane | D26: 3110AGUJ00009 | E26: Aguja para la localización y bloqueo anestésico mediante técnica de punción única aplicada a la anestesia de plexos y nervios periféricos guiada a través de ecografía y neuroestimulación. 360° 20 Gx6 ,0,9 x 150mm. | F26: 4892515-01 | G26: 1 | H26: =G26*2 -> 2 | I26: 829.79 | J26: 0.21 | K26: =I26+I26*J26 -> 1004.0459 | L26: =H26*I26 -> 1659.58 | M26: =H26*K26 -> 2008.0918 | N26: Caja | O26: 25 | Q26: =P26+P26*J26 -> 0 | R26: =P26*H26 -> 0 | S26: =R26+R26*J26 -> 0
A27: Material Sanitario de Consumo | B27: Catéteres, sondas, drenajes, colectores y membranas de diálisis. | C27: Aguja polymedic 22/27G 90 mm | D27: 3110AGUJ00010 | E27: Aguja polymedic 22/27G 90 mm | G27: 1 | H27: =G27*2 -> 2 | I27: 276.17 | J27: 0.21 | K27: =I27+I27*J27 -> 334.1657 | L27: =H27*I27 -> 552.34 | M27: =H27*K27 -> 668.3314 | N27: Caja | O27: 25 | Q27: =P27+P27*J27 -> 0 | R27: =P27*H27 -> 0 | S27: =R27+R27*J27 -> 0
A28: Material Sanitario de Consumo | B28: Catéteres, sondas, drenajes, colectores y membranas de diálisis. | C28: Aguja sin cabeza con mango rígido 0,30X0 | D28: 3110AGUJ00011 | E28: Aguja sin cabeza con mango rígido. Acero quirúrgico de alta resistencia, afilado especial para punción seca y triple capa de aceite. 0,30X0,40. | G28: 1 | H28: =G28*2 -> 2 | I28: 6.36 | J28: 0.21 | K28: =I28+I28*J28 -> 7.6956 | L28: =H28*I28 -> 12.72 | M28: =H28*K28 -> 15.3912 | N28: Caja | O28: 100 | Q28: =P28+P28*J28 -> 0 | R28: =P28*H28 -> 0 | S28: =R28+R28*J28 -> 0
A29: Material Sanitario de Consumo | B29: Catéteres, sondas, drenajes, colectores y membranas de diálisis. | C29: Aguja sin cabeza con mango rígido 0,25X0 | D29: 3110AGUJ00012 | E29: Aguja sin cabeza con mango rígido. Acero quirúrgico de alta resistencia, afilado especial para punción seca y triple capa de aceite.0,25X0,30. | G29: 1 | H29: =G29*2 -> 2 | I29: 6.36 | J29: 0.21 | K29: =I29+I29*J29 -> 7.6956 | L29: =H29*I29 -> 12.72 | M29: =H29*K29 -> 15.3912 | N29: Caja | O29: 100 | Q29: =P29+P29*J29 -> 0 | R29: =P29*H29 -> 0 | S29: =R29+R29*J29 -> 0
A30: Material Sanitario de Consumo | B30: Catéteres, sondas, drenajes, colectores y membranas de diálisis. | C30: Aguja spinocan 0.7 X 88 G22 | D30: 3110AGUJ00013 | E30: Aguja spinocan 0.7 X 88 G22 | F30: 4507908-01 | G30: 1 | H30: =G30*2 -> 2 | I30: 65.09 | J30: 0.21 | K30: =I30+I30*J30 -> 78.7589 | L30: =H30*I30 -> 130.18 | M30: =H30*K30 -> 157.5178 | N30: Caja | O30: 25 | Q30: =P30+P30*J30 -> 0 | R30: =P30*H30 -> 0 | S30: =R30+R30*J30 -> 0
A31: Material Sanitario de Consumo | B31: Catéteres, sondas, drenajes, colectores y membranas de diálisis. | C31: Agujas con punta de lápiz para anestesia | D31: 3110AGUJ00014 | E31: Agujas con punta de lápiz para anestesia espinal y punción lumbar diagnóstica 27G (0,4x120) Diseño de la punta para mínima penetración intratecal evitando un bloqueo incorrecto. Pabellón transparente con prisma que refleje el reflujo del LCR. | F31: 4502120-13 | G31: 2 | H31: =G31*2 -> 4 | I31: 189.72 | J31: 0.21 | K31: =I31+I31*J31 -> 229.5612 | L31: =H31*I31 -> 758.88 | M31: =H31*K31 -> 918.2448 | N31: Caja | O31: 25 | Q31: =P31+P31*J31 -> 0 | R31: =P31*H31 -> 0 | S31: =R31+R31*J31 -> 0
A32: Material Sanitario de Consumo | B32: Catéteres, sondas, drenajes, colectores y membranas de diálisis. | C32: Agujas de 0.25x8mm para plumas y jeringa | D32: 3110AGUJ00015 | E32: Agujas de 0.25x8mm para plumas y jeringas de longitud de 8mm y 31 gramos de grosor. Agujas extrafinas que garanticen mayor comodidad en el momento de la inyección por un biselado especial | F32: 320213 | G32: 2 | H32: =G32*2 -> 4 | I32: 15.53 | J32: 0.21 | K32: =I32+I32*J32 -> 18.7913 | L32: =H32*I32 -> 62.12 | M32: =H32*K32 -> 75.1652 | N32: Caja | O32: 100 | Q32: =P32+P32*J32 -> 0 | R32: =P32*H32 -> 0 | S32: =R32+R32*J32 -> 0
A33: Material Sanitario de Consumo | B33: Catéteres, sondas, drenajes, colectores y membranas de diálisis. | C33: Agujas espinales con doble gauge micro-t | D33: 3110AGUJ00016 | E33: Agujas espinales con doble gauge micro-tip 22/27 G 3 mm 38 mm negro/gris. | F33: 21922-27 | G33: 6 | H33: =G33*2 -> 12 | I33: 276.17 | J33: 0.21 | K33: =I33+I33*J33 -> 334.1657 | L33: =H33*I33 -> 3314.04 | M33: =H33*K33 -> 4009.9884 | N33: Caja | O33: 25 | Q33: =P33+P33*J33 -> 0 | R33: =P33*H33 -> 0 | S33: =R33+R33*J33 -> 0
A34: Material Sanitario de Consumo | B34: Catéteres, sondas, drenajes, colectores y membranas de diálisis. | C34: Agujas hipodérmicas estériles 20Gx1 0,9x | D34: 3110AGUJ00017 | E34: Agujas hipodérmicas estériles 20Gx1 0,9x25mm. | F34: 304827 (10056) | G34: 66 | H34: =G34*2 -> 132 | I34: 2.32 | J34: 0.21 | K34: =I34+I34*J34 -> 2.8072 | L34: =H34*I34 -> 306.24 | M34: =H34*K34 -> 370.5504 | N34: Caja | O34: 100 | Q34: =P34+P34*J34 -> 0 | R34: =P34*H34 -> 0 | S34: =R34+R34*J34 -> 0
A35: Material Sanitario de Consumo | B35: Catéteres, sondas, drenajes, colectores y membranas de diálisis. | C35: Agujas hipodérmicas estériles 21Gx1 1/2 | D35: 3110AGUJ00018 | E35: Agujas hipodérmicas estériles 21Gx1 1/2 0,8x40mm. | F35: 10054 | G35: 4 | H35: =G35*2 -> 8 | I35: 4.93 | J35: 0.21 | K35: =I35+I35*J35 -> 5.9653 | L35: =H35*I35 -> 39.44 | M35: =H35*K35 -> 47.7224 | N35: Caja | O35: 100 | Q35: =P35+P35*J35 -> 0 | R35: =P35*H35 -> 0 | S35: =R35+R35*J35 -> 0
A36: Material Sanitario de Consumo | B36: Catéteres, sondas, drenajes, colectores y membranas de diálisis. | C36: Agujas hipodérmicas estériles 23Gx1 0,6x | D36: 3110AGUJ00019 | E36: Agujas hipodérmicas estériles 23Gx1 0,6x25mm. | G36: 3 | H36: =G36*2 -> 6 | I36: 4.44 | J36: 0.21 | K36: =I36+I36*J36 -> 5.3724 | L36: =H36*I36 -> 26.64 | M36: =H36*K36 -> 32.2344 | N36: Caja | O36: 100 | Q36: =P36+P36*J36 -> 0 | R36: =P36*H36 -> 0 | S36: =R36+R36*J36 -> 0
A37: Material Sanitario de Consumo | B37: Catéteres, sondas, drenajes, colectores y membranas de diálisis. | C37: Agujas hipodérmicas estériles 25Gx5/8 0, | D37: 3110AGUJ00020 | E37: Agujas hipodérmicas estériles 25Gx5/8 0,5x16mm. | F37: 10051 | G37: 29 | H37: =G37*2 -> 58 | I37: 4.44 | J37: 0.21 | K37: =I37+I37*J37 -> 5.3724 | L37: =H37*I37 -> 257.52 | M37: =H37*K37 -> 311.5992 | N37: Caja | O37: 100 | Q37: =P37+P37*J37 -> 0 | R37: =P37*H37 -> 0 | S37: =R37+R37*J37 -> 0
A38: Material Sanitario de Consumo | B38: Catéteres, sondas, drenajes, colectores y membranas de diálisis. | C38: Agujas hipodérmicas estériles. 19Gx1 1/2 | D38: 3110AGUJ00021 | E38: Agujas hipodérmicas estériles. 19Gx1 1/2 1,1x40mm. | F38: 301500 | G38: 15 | H38: =G38*2 -> 30 | I38: 2.99 | J38: 0.21 | K38: =I38+I38*J38 -> 3.6179 | L38: =H38*I38 -> 89.7 | M38: =H38*K38 -> 108.537 | N38: Caja | O38: 100 | Q38: =P38+P38*J38 -> 0 | R38: =P38*H38 -> 0 | S38: =R38+R38*J38 -> 0
A39: Material Sanitario de Consumo | B39: Catéteres, sondas, drenajes, colectores y membranas de diálisis. | C39: Agujas hipodérmicas estériles. 20Gx1 1/2 | D39: 3110AGUJ00022 | E39: Agujas hipodérmicas estériles. 20Gx1 1/2 0,9x40mm. | F39: 301300 (10057) | G39: 11 | H39: =G39*2 -> 22 | I39: 2.65 | J39: 0.21 | K39: =I39+I39*J39 -> 3.2065 | L39: =H39*I39 -> 58.3 | M39: =H39*K39 -> 70.543 | N39: Caja | O39: 100 | Q39: =P39+P39*J39 -> 0 | R39: =P39*H39 -> 0 | S39: =R39+R39*J39 -> 0
A40: Material Sanitario de Consumo | B40: Catéteres, sondas, drenajes, colectores y membranas de diálisis. | C40: Agujas hipodérmicas estériles. Aguja 27G | D40: 3110AGUJ00023 | E40: Agujas hipodérmicas estériles. Aguja 27Gx1/2 0,4x13mm | F40: 300635 | G40: 1 | H40: =G40*2 -> 2 | I40: 4.57 | J40: 0.21 | K40: =I40+I40*J40 -> 5.5297 | L40: =H40*I40 -> 9.14 | M40: =H40*K40 -> 11.0594 | N40: Caja | O40: 100 | Q40: =P40+P40*J40 -> 0 | R40: =P40*H40 -> 0 | S40: =R40+R40*J40 -> 0
A41: Material Sanitario de Consumo | B41: Catéteres, sondas, drenajes, colectores y membranas de diálisis. | C41: Agujas punción seca de 0,30mm X 0,75mm | D41: 3110AGUJ00024 | E41: Agujas punción seca de 0,30mm X 0,75mm | G41: 4 | H41: =G41*2 -> 8 | I41: 14.62 | J41: 0.21 | K41: =I41+I41*J41 -> 17.6902 | L41: =H41*I41 -> 116.96 | M41: =H41*K41 -> 141.5216 | N41: Caja | O41: 100 | Q41: =P41+P41*J41 -> 0 | R41: =P41*H41 -> 0 | S41: =R41+R41*J41 -> 0
A42: Material Sanitario de Consumo | B42: Catéteres, sondas, drenajes, colectores y membranas de diálisis. | C42: Agujas de punción seca de 0.30mm X 40mm | D42: 3110AGUJ00025 | E42: Agujas de punción seca de 0.30mm X 40mm | G42: 7 | H42: =G42*2 -> 14 | I42: 11.55 | J42: 0.21 | K42: =I42+I42*J42 -> 13.9755 | L42: =H42*I42 -> 161.7 | M42: =H42*K42 -> 195.657 | N42: Caja | O42: 100 | Q42: =P42+P42*J42 -> 0 | R42: =P42*H42 -> 0 | S42: =R42+R42*J42 -> 0
A43: Material Sanitario de Consumo | B43: Catéteres, sondas, drenajes, colectores y membranas de diálisis. | C43: Palomilla de seguridad venofix safety 21 | D43: 3110AGUJ00026 | E43: Palomilla de seguridad venofix safety 21G | F43: 4056504-01 | G43: 1 | H43: =G43*2 -> 2 | I43: 39.44 | J43: 0.21 | K43: =I43+I43*J43 -> 47.7224 | L43: =H43*I43 -> 78.88 | M43: =H43*K43 -> 95.4448 | N43: Caja | O43: 50 | Q43: =P43+P43*J43 -> 0 | R43: =P43*H43 -> 0 | S43: =R43+R43*J43 -> 0
A44: Material Sanitario de Consumo | B44: Catéteres, sondas, drenajes, colectores y membranas de diálisis. | C44: Catéter intravenoso periférico con siste | D44: 3110AGUJ00027 | E44: Catéter intravenoso periférico con sistema de seguridad pasiva. Introcan safety 18G | G44: 29 | H44: =G44*2 -> 58 | I44: 85 | J44: 0.21 | K44: =I44+I44*J44 -> 102.85 | L44: =H44*I44 -> 4930 | M44: =H44*K44 -> 5965.3 | N44: Caja | O44: 50 | Q44: =P44+P44*J44 -> 0 | R44: =P44*H44 -> 0 | S44: =R44+R44*J44 -> 0
A45: Material Sanitario de Consumo | B45: Catéteres, sondas, drenajes, colectores y membranas de diálisis. | C45: Catéter intravenoso periférico con siste | D45: 3110AGUJ00028 | E45: Catéter intravenoso periférico con sistema de seguridad pasiva. Introcan safety 20G | G45: 29 | H45: =G45*2 -> 58 | I45: 85 | J45: 0.21 | K45: =I45+I45*J45 -> 102.85 | L45: =H45*I45 -> 4930 | M45: =H45*K45 -> 5965.3 | N45: Caja | O45: 50 | Q45: =P45+P45*J45 -> 0 | R45: =P45*H45 -> 0 | S45: =R45+R45*J45 -> 0
A46: Material Sanitario de Consumo | B46: Catéteres, sondas, drenajes, colectores y membranas de diálisis. | C46: Catéter intravenoso periférico con siste | D46: 3110AGUJ00029 | E46: Catéter intravenoso periférico con sistema de seguridad pasiva. Introcan safety 22G | F46: 4251628-01 | G46: 14 | H46: =G46*2 -> 28 | I46: 85 | J46: 0.21 | K46: =I46+I46*J46 -> 102.85 | L46: =H46*I46 -> 2380 | M46: =H46*K46 -> 2879.8 | N46: Caja | O46: 50 | Q46: =P46+P46*J46 -> 0 | R46: =P46*H46 -> 0 | S46: =R46+R46*J46 -> 0
A47: Material Sanitario de Consumo | B47: Catéteres, sondas, drenajes, colectores y membranas de diálisis. | C47: Cánulas punción espinal c/punta cónica e | D47: 3110AGUJ00030 | E47: Cánulas para punción espinal con punta de forma cónica elíptica con orificio lateral ovalado de acero inoxidable de calidad médica y empuñadura transparente. Color negro/gris. Introductor 30mm. Long. 90mm. Talla 22/27G | F47: 405069 | G47: 1 | H47: =G47*2 -> 2 | I47: 108.77 | J47: 0.21 | K47: =I47+I47*J47 -> 131.6117 | L47: =H47*I47 -> 217.54 | M47: =H47*K47 -> 263.2234 | N47: Caja | O47: 25 | Q47: =P47+P47*J47 -> 0 | R47: =P47*H47 -> 0 | S47: =R47+R47*J47 -> 0
A48: Material Sanitario de Consumo | B48: Catéteres, sondas, drenajes, colectores y membranas de diálisis. | C48: Equipo anestesia combinada (espinal-epid | D48: 3110AGUJ00031 | E48: Equipo para anestesia combinada (espinal-epidural). Aguja espinal (punta de lápiz) o (bisel quincke). Aguja con punta Tuohy de 18G. Catéter standard o soft tip 18G de poliamida pura. Conector de catéter tipo cocodrilo, tunelizado y sin roscas. Filtro con capacidad de llenado 0.45 ml. Sistema de fijación del filtro con adhesivo hipoalergénico y jeringa de 3 cuerpos. | F48: 4556763 | G48: 2 | H48: =G48*2 -> 4 | I48: 774.79 | J48: 0.21 | K48: =I48+I48*J48 -> 937.4959 | L48: =H48*I48 -> 3099.16 | M48: =H48*K48 -> 3749.9836 | N48: Caja | O48: 10 | Q48: =P48+P48*J48 -> 0 | R48: =P48*H48 -> 0 | S48: =R48+R48*J48 -> 0
A49: Material Sanitario de Consumo | B49: Catéteres, sondas, drenajes, colectores y membranas de diálisis. | C49: Palomilla verde para extracción sangre 2 | D49: 3110AGUJ00032 | E49: Palomilla verde para extracción de sangre por vacío específicamente diseñado para venas difíciles de 21G 18cm. Un sólo uso. Estéril. Con dispositivo de seguridad. | F49: 450081 (367282) | G49: 438 | H49: =G49*2 -> 876 | I49: 0.54 | J49: 0.21 | K49: =I49+I49*J49 -> 0.6534 | L49: =H49*I49 -> 473.04 | M49: =H49*K49 -> 572.3784 | N49: Unidad | O49: 1 | Q49: =P49+P49*J49 -> 0 | R49: =P49*H49 -> 0 | S49: =R49+R49*J49 -> 0
A50: Material Sanitario de Consumo | B50: Catéteres, sondas, drenajes, colectores y membranas de diálisis. | C50: Spinocan aguja 0,9x88 g20 | D50: 3110AGUJ00033 | E50: Spinocan aguja 0,9x88 g20 | F50: 4509900 | G50: 1 | H50: =G50*2 -> 2 | I50: 65.09 | J50: 0.21 | K50: =I50+I50*J50 -> 78.7589 | L50: =H50*I50 -> 130.18 | M50: =H50*K50 -> 157.5178 | N50: Caja | O50: 25 | Q50: =P50+P50*J50 -> 0 | R50: =P50*H50 -> 0 | S50: =R50+R50*J50 -> 0
A51: Material Sanitario de Consumo | B51: Catéteres, sondas, drenajes, colectores y membranas de diálisis. | C51: Aguja punción seca 0.30mm X 75mm | D51: 3110AGUJ00034 | E51: Aguja de punción seca sujeta al tubo guía mediante mecanismo Click, sin componentes químicos en la sujeción de la aguja.0,30 X 75. Aguja punción seca 0.30mm X 75mm | F51: 458190 | G51: 18 | H51: =G51*2 -> 36 | I51: 12.39 | J51: 0.21 | K51: =I51+I51*J51 -> 14.9919 | L51: =H51*I51 -> 446.04 | M51: =H51*K51 -> 539.7084 | N51: Caja | O51: 100 | Q51: =P51+P51*J51 -> 0 | R51: =P51*H51 -> 0 | S51: =R51+R51*J51 -> 0
A52: Material Sanitario de Consumo | B52: Catéteres, sondas, drenajes, colectores y membranas de diálisis. | C52: Aguja BD microlance 0,8X25mm 21G ref:100 | D52: 3110AGUJ00035 | E52: Aguja BD microlance 0,8X25mm 21G ref:100 | F52: 050110 10054 | G52: 1 | H52: =G52*2 -> 2 | I52: 2.04 | J52: 0.21 | K52: =I52+I52*J52 -> 2.4684 | L52: =H52*I52 -> 4.08 | M52: =H52*K52 -> 4.9368 | N52: Caja | O52: 100 | Q52: =P52+P52*J52 -> 0 | R52: =P52*H52 -> 0 | S52: =R52+R52*J52 -> 0
A53: Material Sanitario de Consumo | B53: Catéteres, sondas, drenajes, colectores y membranas de diálisis. | C53: Aguja pencan c/intro. 27G 0,4X88mm | D53: 3110AGUJ00036 | E53: 77.29 | F53: 009535 4502051-13 | G53: 4 | H53: =G53*2 -> 8 | I53: 77.29 | J53: 0.21 | K53: =I53+I53*J53 -> 93.5209 | L53: =H53*I53 -> 618.32 | M53: =H53*K53 -> 748.1672 | N53: Caja | O53: 25 | Q53: =P53+P53*J53 -> 0 | R53: =P53*H53 -> 0 | S53: =R53+R53*J53 -> 0
A54: Material Sanitario de Consumo | B54: Catéteres, sondas, drenajes, colectores y membranas de diálisis. | C54: Pencan aguja P. lápiz 0,4X103 G27 | D54: 3110AGUJ00037 | E54: Pencan aguja P. lápiz 0,4X103 G27 | F54: 040071 4502124-13 | G54: 1 | H54: =G54*2 -> 2 | I54: 341.7 | J54: 0.21 | K54: =I54+I54*J54 -> 413.457 | L54: =H54*I54 -> 683.4 | M54: =H54*K54 -> 826.914 | N54: Caja | O54: 25 | Q54: =P54+P54*J54 -> 0 | R54: =P54*H54 -> 0 | S54: =R54+R54*J54 -> 0
A55: Material Sanitario de Consumo | B55: Catéteres, sondas, drenajes, colectores y membranas de diálisis. | C55: Aguja espinal BD whitacre punta lápiz 2 | D55: 3110AGUJ00038 | E55: Aguja espinal BD whitacre punta lápiz 25G 0,5X90mm c/introductor (20G 0,9X32mm) | F55: 405076 | G55: 3 | H55: =G55*2 -> 6 | I55: 198.6 | J55: 0.21 | K55: =I55+I55*J55 -> 240.306 | L55: =H55*I55 -> 1191.6 | M55: =H55*K55 -> 1441.836 | N55: Caja | O55: 25 | Q55: =P55+P55*J55 -> 0 | R55: =P55*H55 -> 0 | S55: =R55+R55*J55 -> 0
A56: Material Sanitario de Consumo | B56: Catéteres, sondas, drenajes, colectores y membranas de diálisis. | C56: Aguja catéter de calibre 14G | D56: 3110CATE00001 | E56: Aguja catéter de calibre 14G, color naranja , radiopaco, flexible. Luer-Lock. Filtro de aire. Aleta para avanzar el catéter con una sola mano. Aguja de pared biselada para una suave punción. Siliconada para facilitar el deslizamiento. Cono rígido con sistema antirrotación. Cámara de visualización para confirmar el reflujo de sangre. | G56: 1 | H56: =G56*2 -> 2 | I56: 37.4 | J56: 0.21 | K56: =I56+I56*J56 -> 45.254 | L56: =H56*I56 -> 74.8 | M56: =H56*K56 -> 90.508 | N56: Caja | O56: 50 | Q56: =P56+P56*J56 -> 0 | R56: =P56*H56 -> 0 | S56: =R56+R56*J56 -> 0
A57: Material Sanitario de Consumo | B57: Catéteres, sondas, drenajes, colectores y membranas de diálisis. | C57: Aguja catéter de calibre 16G | D57: 3110CATE00002 | E57: Aguja catéter de calibre 16G, color gris , radiopaco, flexible. Luer-Lock. Filtro de aire. Aleta para avanzar el catéter con una sola mano. Aguja de pared biselada para una suave punción. Siliconada para facilitar el deslizamiento. Cono rígido con sistema antirrotación. Cámara de visualización para confirmar el reflujo de sangre. | G57: 1 | H57: =G57*2 -> 2 | I57: 37.4 | J57: 0.21 | K57: =I57+I57*J57 -> 45.254 | L57: =H57*I57 -> 74.8 | M57: =H57*K57 -> 90.508 | N57: Caja | O57: 50 | Q57: =P57+P57*J57 -> 0 | R57: =P57*H57 -> 0 | S57: =R57+R57*J57 -> 0
A58: Material Sanitario de Consumo | B58: Catéteres, sondas, drenajes, colectores y membranas de diálisis. | C58: Aguja catéter de calibre 20G | D58: 3110CATE00003 | E58: Aguja catéter de calibre 20G, color rosa , 32mm, radiopaco, flexible. Luer-Lock. Filtro de aire. Aleta para avanzar el catéter con una sola mano. Aguja de pared biselada para una suave punción. Siliconada para facilitar el deslizamiento. Cono rígido con sistema antirrotación. Cámara de visualización para confirmar el reflujo de sangre. | G58: 1 | H58: =G58*2 -> 2 | I58: 37.4 | J58: 0.21 | K58: =I58+I58*J58 -> 45.254 | L58: =H58*I58 -> 74.8 | M58: =H58*K58 -> 90.508 | N58: Caja | O58: 50 | Q58: =P58+P58*J58 -> 0 | R58: =P58*H58 -> 0 | S58: =R58+R58*J58 -> 0
A59: Material Sanitario de Consumo | B59: Catéteres, sondas, drenajes, colectores y membranas de diálisis. | C59: Aguja catéter de calibre 24G | D59: 3110CATE00004 | E59: Aguja catéter de calibre 24G, color amarillo , 19mm, radiopaco, flexible. Luer-Lock. Filtro de aire. Aleta para avanzar el catéter con una sola mano. Aguja de pared biselada para una suave punción. Siliconada para facilitar el deslizamiento. Cono rígido con sistema antirrotación. Cámara de visualización para confirmar el reflujo de sangre. | G59: 1 | H59: =G59*2 -> 2 | I59: 40.8 | J59: 0.21 | K59: =I59+I59*J59 -> 49.368 | L59: =H59*I59 -> 81.6 | M59: =H59*K59 -> 98.736 | N59: Caja | O59: 50 | Q59: =P59+P59*J59 -> 0 | R59: =P59*H59 -> 0 | S59: =R59+R59*J59 -> 0
A60: Material Sanitario de Consumo | B60: Catéteres, sondas, drenajes, colectores y membranas de diálisis. | C60: Aguja catéter de calibre 26G | D60: 3110CATE00005 | E60: Aguja catéter de calibre 26G, color negro,19 mm, radiopaco, flexible. Luer-Lock. Filtro de aire. Aleta para avanzar el catéter con una sola mano. Aguja de pared biselada. Siliconada para facilitar el deslizamiento. Cono rígido con sistema antirrotación. Cámara de visualización para confirmar el reflujo de sangre. | G60: 1 | H60: =G60*2 -> 2 | I60: 287.64 | J60: 0.21 | K60: =I60+I60*J60 -> 348.0444 | L60: =H60*I60 -> 575.28 | M60: =H60*K60 -> 696.0888 | N60: Caja | O60: 50 | Q60: =P60+P60*J60 -> 0 | R60: =P60*H60 -> 0 | S60: =R60+R60*J60 -> 0
A61: Material Sanitario de Consumo | B61: Catéteres, sondas, drenajes, colectores y membranas de diálisis. | C61: Sistema cierre incisión trócar. Cono 26 | D61: 3110CATE00009 | E61: Sistema cierre incisión trócar. Con sistema completo de cierre aguja y cono incisión trocar para evitar posible sangrado y posibles hernias de trocar. Cono 26 x 15 x 10 mm | F61: TSC001 | G61: 1 | H61: =G61*2 -> 2 | I61: 24.48 | J61: 0.21 | K61: =I61+I61*J61 -> 29.6208 | L61: =H61*I61 -> 48.96 | M61: =H61*K61 -> 59.2416 | N61: Caja | O61: 10 | Q61: =P61+P61*J61 -> 0 | R61: =P61*H61 -> 0 | S61: =R61+R61*J61 -> 0
A62: Material Sanitario de Consumo | B62: Catéteres, sondas, drenajes, colectores y membranas de diálisis. | C62: Drenaje mini-redón de bajo vacío. Adapta | D62: 3110DREN00001 | E62: Drenaje de heridas de redón de bajo vacío. mini-redón de bajo vacío fabricado con pe. conector adpatable a sondas de 6-18 ch. set completo con sonda y aguja de 6 y 8 ch. draynobac 40k8 | F62: 5524016 | G62: 1 | H62: =G62*2 -> 2 | I62: 89.15 | J62: 0.21 | K62: =I62+I62*J62 -> 107.8715 | L62: =H62*I62 -> 178.3 | M62: =H62*K62 -> 215.743 | N62: Caja | O62: 10 | Q62: =P62+P62*J62 -> 0 | R62: =P62*H62 -> 0 | S62: =R62+R62*J62 -> 0
A63: Material Sanitario de Consumo | B63: Catéteres, sondas, drenajes, colectores y membranas de diálisis. | C63: Drenaje plano 9,5 mm sin reservorio. Nar | D63: 3110DREN00002 | E63: Drenaje plano 9,5 mm sin reservorio. Naranja. | F63: 270409 | G63: 1 | H63: =G63*2 -> 2 | I63: 5.61 | J63: 0.21 | K63: =I63+I63*J63 -> 6.7881 | L63: =H63*I63 -> 11.22 | M63: =H63*K63 -> 13.5762 | N63: Unidad | O63: 1 | Q63: =P63+P63*J63 -> 0 | R63: =P63*H63 -> 0 | S63: =R63+R63*J63 -> 0
A64: Material Sanitario de Consumo | B64: Catéteres, sondas, drenajes, colectores y membranas de diálisis. | C64: Drenaje quirúrgico.1 Red-O-Pack,tubo de | D64: 3110DREN00003 | E64: Red-O-Pack 1 drenaje FR10. Unidad de aspiración para drenaje quirúrgico bajo vacío (PE - PVC). Unidad completa formada por: 1 Red-O-Pack, 1 tubo de conexión, 2 drenajes de succión, 1 aguja Alene. CH 12. 775ml | G64: 7 | H64: =G64*2 -> 14 | I64: 215.18 | J64: 0.21 | K64: =I64+I64*J64 -> 260.3678 | L64: =H64*I64 -> 3012.52 | M64: =H64*K64 -> 3645.1492 | N64: Caja | O64: 9 | Q64: =P64+P64*J64 -> 0 | R64: =P64*H64 -> 0 | S64: =R64+R64*J64 -> 0
A65: Material Sanitario de Consumo | B65: Catéteres, sondas, drenajes, colectores y membranas de diálisis. | C65: Red-O-Pack drenaje FR10.Red-O-Pack,tubo | D65: 3110DREN00004 | E65: Red-O-Pack 1 drenaje FR10. Unidad de aspiración para drenaje quirúrgico bajo vacío (PE - PVC). Unidad completa formada por: 1 Red-O-Pack, 1 tubo de conexión, 2 drenajes de succión, 1 aguja Alene. CH 10. 775ml | G65: 8 | H65: =G65*2 -> 16 | I65: 215.18 | J65: 0.21 | K65: =I65+I65*J65 -> 260.3678 | L65: =H65*I65 -> 3442.88 | M65: =H65*K65 -> 4165.8848 | N65: Caja | O65: 9 | Q65: =P65+P65*J65 -> 0 | R65: =P65*H65 -> 0 | S65: =R65+R65*J65 -> 0
A66: Material Sanitario de Consumo | B66: Catéteres, sondas, drenajes, colectores y membranas de diálisis. | C66: Reservorio drenaje plano 100 cc | D66: 3110DREN00005 | E66: Reservorio drenaje plano 100 cc | F66: 2013-0610 | G66: 2 | H66: =G66*2 -> 4 | I66: 84.32 | J66: 0.21 | K66: =I66+I66*J66 -> 102.0272 | L66: =H66*I66 -> 337.28 | M66: =H66*K66 -> 408.1088 | N66: Caja | O66: 10 | Q66: =P66+P66*J66 -> 0 | R66: =P66*H66 -> 0 | S66: =R66+R66*J66 -> 0
A67: Material Sanitario de Consumo | B67: Catéteres, sondas, drenajes, colectores y membranas de diálisis. | C67: Penrose 8mmX 30cm silicona. | D67: 3110DREN00008 | E67: Penrose 8mmX 30cm silicona. | F67: 014777 C4522208 | G67: 1 | H67: =G67*2 -> 2 | I67: 94.72 | J67: 0.21 | K67: =I67+I67*J67 -> 114.6112 | L67: =H67*I67 -> 189.44 | M67: =H67*K67 -> 229.2224 | N67: Caja | O67: 20 | Q67: =P67+P67*J67 -> 0 | R67: =P67*H67 -> 0 | S67: =R67+R67*J67 -> 0
A68: Material Sanitario de Consumo | B68: Catéteres, sondas, drenajes, colectores y membranas de diálisis. | C68: Tubo drenaje penrose 6mm X 30cm | D68: 3110DREN00009 | E68: Tubo drenaje penrose 6mm X 30cm | F68: 014776 C4522206 | G68: 1 | H68: =G68*2 -> 2 | I68: 94.72 | J68: 0.21 | K68: =I68+I68*J68 -> 114.6112 | L68: =H68*I68 -> 189.44 | M68: =H68*K68 -> 229.2224 | N68: Caja | O68: 20 | Q68: =P68+P68*J68 -> 0 | R68: =P68*H68 -> 0 | S68: =R68+R68*J68 -> 0
A69: Material Sanitario de Consumo | B69: Catéteres, sondas, drenajes, colectores y membranas de diálisis. | C69: Bolsa para recogida de orina d | D69: 3110SOND00001 | E69: Bolsa para recogida de orina de 2.000 ml de capacidad cerrada con válvula antirreflujo y válvula de vaciado. Bolsa de PVC atóxico transparente. | F69: 5185 | G69: 1 | H69: =G69*2 -> 2 | I69: 13.87 | J69: 0.1 | K69: =I69+I69*J69 -> 15.257 | L69: =H69*I69 -> 27.74 | M69: =H69*K69 -> 30.514 | N69: Caja | O69: 30 | Q69: =P69+P69*J69 -> 0 | R69: =P69*H69 -> 0 | S69: =R69+R69*J69 -> 0
A70: Material Sanitario de Consumo | B70: Material de curas, suturas y apósitos. | C70: Algodón en Zig Zag. 100% puro algodón. 1 | D70: 3120ALGO00001 | E70: Algodón en Zig Zag. 100% puro algodón. 100 grs. | F70: 0107.22 | G70: 3 | H70: =G70*2 -> 6 | I70: 0.73 | J70: 0.1 | K70: =I70+I70*J70 -> 0.803 | L70: =H70*I70 -> 4.38 | M70: =H70*K70 -> 4.818 | N70: Unidad | O70: 1 | Q70: =P70+P70*J70 -> 0 | R70: =P70*H70 -> 0 | S70: =R70+R70*J70 -> 0
A71: Material Sanitario de Consumo | B71: Material de curas, suturas y apósitos. | C71: Algodón en Zig Zag. 100% puro algodón. 5 | D71: 3120ALGO00002 | E71: Algodón en Zig Zag. 100% puro algodón. 50grs. | F71: 0102.04 | G71: 19 | H71: =G71*2 -> 38 | I71: 0.41 | J71: 0.1 | K71: =I71+I71*J71 -> 0.451 | L71: =H71*I71 -> 15.58 | M71: =H71*K71 -> 17.138 | N71: Unidad | O71: 1 | Q71: =P71+P71*J71 -> 0 | R71: =P71*H71 -> 0 | S71: =R71+R71*J71 -> 0
A72: Material Sanitario de Consumo | B72: Material de curas, suturas y apósitos. | C72: Algodón enrollado en paquetes de 100 gr, | D72: 3120ALGO00003 | E72: Algodón enrollado en paquetes de 100 gr, elaborado a partir de fibras de puro algodón 100% | F72: 0056.04 | G72: 1 | H72: =G72*2 -> 2 | I72: 0.66 | J72: 0.1 | K72: =I72+I72*J72 -> 0.726 | L72: =H72*I72 -> 1.32 | M72: =H72*K72 -> 1.452 | N72: Unidad | O72: 1 | Q72: =P72+P72*J72 -> 0 | R72: =P72*H72 -> 0 | S72: =R72+R72*J72 -> 0
A73: Material Sanitario de Consumo | B73: Material de curas, suturas y apósitos. | C73: Apósito adhesivo impermeable. 10X12,5cm | D73: 3120APOS00001 | E73: Apósito adhesivo impermeable. Film transpirable que se adhiere con seguridad y sin dejar residuos en la piel, creando una barrera que evita posibles infecciones y aleja la humedad de la herida. Para la protección de heridas en deportes y baño. 10X12,5cm | G73: 1 | H73: =G73*2 -> 2 | I73: 21.7 | J73: 0.1 | K73: =I73+I73*J73 -> 23.87 | L73: =H73*I73 -> 43.4 | M73: =H73*K73 -> 47.74 | N73: Caja | O73: 50 | Q73: =P73+P73*J73 -> 0 | R73: =P73*H73 -> 0 | S73: =R73+R73*J73 -> 0
A74: Material Sanitario de Consumo | B74: Material de curas, suturas y apósitos. | C74: Apósito auto adhesivo estéril de tejido | D74: 3120APOS00002 | E74: Apósito auto adhesivo estéril de tejido sin tejer con compresa central. Formado por Polietileno, viscosa y tejido sin tejer adhesivada con adhesivo acrílico. 10X8cm. | F74: 900873 | G74: 191 | H74: =G74*2 -> 382 | I74: 2.21 | J74: 0.1 | K74: =I74+I74*J74 -> 2.431 | L74: =H74*I74 -> 844.22 | M74: =H74*K74 -> 928.642 | N74: Caja | O74: 25 | Q74: =P74+P74*J74 -> 0 | R74: =P74*H74 -> 0 | S74: =R74+R74*J74 -> 0
A75: Material Sanitario de Consumo | B75: Material de curas, suturas y apósitos. | C75: Apósito auto adhesivo estéril de tejido | D75: 3120APOS00003 | E75: Apósito auto adhesivo estéril de tejido sin tejer con compresa central. Formado por Polietileno, viscosa y tejido sin tejer adhesivada con adhesivo acrílico. 15X8cm. | F75: 900874 | G75: 98 | H75: =G75*2 -> 196 | I75: 2.9 | J75: 0.1 | K75: =I75+I75*J75 -> 3.19 | L75: =H75*I75 -> 568.4 | M75: =H75*K75 -> 625.24 | N75: Caja | O75: 25 | Q75: =P75+P75*J75 -> 0 | R75: =P75*H75 -> 0 | S75: =R75+R75*J75 -> 0
A76: Material Sanitario de Consumo | B76: Material de curas, suturas y apósitos. | C76: Apósito auto adhesivo estéril de tejido | D76: 3120APOS00004 | E76: Apósito auto adhesivo estéril de tejido sin tejer con compresa central. Formado por Polietileno, viscosa y tejido sin tejer adhesivada con adhesivo acrílico. 20X8cm. | F76: 900875 | G76: 45 | H76: =G76*2 -> 90 | I76: 3.51 | J76: 0.1 | K76: =I76+I76*J76 -> 3.861 | L76: =H76*I76 -> 315.9 | M76: =H76*K76 -> 347.49 | N76: Caja | O76: 25 | Q76: =P76+P76*J76 -> 0 | R76: =P76*H76 -> 0 | S76: =R76+R76*J76 -> 0
A77: Material Sanitario de Consumo | B77: Material de curas, suturas y apósitos. | C77: Apósito auto adhesivo estéril de tejido | D77: 3120APOS00005 | E77: Apósito auto adhesivo estéril de tejido sin tejer con compresa central. Formado por Polietileno, viscosa y tejido sin tejer adhesivada con adhesivo acrílico. .7,2X5cm | F77: 900870 | G77: 225 | H77: =G77*2 -> 450 | I77: 2.3 | J77: 0.1 | K77: =I77+I77*J77 -> 2.53 | L77: =H77*I77 -> 1035 | M77: =H77*K77 -> 1138.5 | N77: Caja | O77: 50 | Q77: =P77+P77*J77 -> 0 | R77: =P77*H77 -> 0 | S77: =R77+R77*J77 -> 0
A78: Material Sanitario de Consumo | B78: Material de curas, suturas y apósitos. | C78: Apósito Biosintético de 13 X 13 cm, | D78: 3120APOS00006 | E78: Apósito Biosintético de 13 X 13 cm, sustituto cutáneo biosintético y bicapa con péptidos de colágeno porcino tipo I, para adhierir a la dermis facilitando la recuperación de la función estructural y biológica y reduciendo dolor. | F78: 66800174 | G78: 2 | H78: =G78*2 -> 4 | I78: 773.64 | J78: 0.21 | K78: =I78+I78*J78 -> 936.1044 | L78: =H78*I78 -> 3094.56 | M78: =H78*K78 -> 3744.4176 | N78: Caja | O78: 5 | Q78: =P78+P78*J78 -> 0 | R78: =P78*H78 -> 0 | S78: =R78+R78*J78 -> 0
A79: Material Sanitario de Consumo | B79: Material de curas, suturas y apósitos. | C79: Apósito de espuma para heridas con moder | D79: 3120APOS00007 | E79: Apósito de espuma para heridas con moderado a alto nivel de exudado. Sellado de los bordes de la herida previniendo que el exudado se extienda por la piel perilesional, minimizando el riesgo de maceración | G79: 5 | H79: =G79*2 -> 10 | I79: 20.2 | J79: 0.1 | K79: =I79+I79*J79 -> 22.22 | L79: =H79*I79 -> 202 | M79: =H79*K79 -> 222.2 | N79: Caja | O79: 5 | Q79: =P79+P79*J79 -> 0 | R79: =P79*H79 -> 0 | S79: =R79+R79*J79 -> 0
A80: Material Sanitario de Consumo | B80: Material de curas, suturas y apósitos. | C80: Apósito en rollo de tela sin tejer con a | D80: 3120APOS00008 | E80: Apósito en rollo de tela sin tejer con adhesivo hipoalergénico | G80: 90 | H80: =G80*2 -> 180 | I80: 5.06 | J80: 0.1 | K80: =I80+I80*J80 -> 5.566 | L80: =H80*I80 -> 910.8 | M80: =H80*K80 -> 1001.88 | N80: Unidad | O80: 1 | Q80: =P80+P80*J80 -> 0 | R80: =P80*H80 -> 0 | S80: =R80+R80*J80 -> 0
A81: Material Sanitario de Consumo | B81: Material de curas, suturas y apósitos. | C81: Apósito estéril de 5x7,5cm. Capa de cont | D81: 3120APOS00009 | E81: Apósito estéril de 5x7,5cm. Capa de contacto con la herida suave. Diseño de malla abierta que permite que el exudado se transfiera correctamente a un apósito secundario y aplicar tratamientos tópicos. Evita que el apósito externo se pegue a la herida, reduciendo al mínimo el traumatismo y el dolor. | G81: 19 | H81: =G81*2 -> 38 | I81: 20.4 | J81: 0.1 | K81: =I81+I81*J81 -> 22.44 | L81: =H81*I81 -> 775.2 | M81: =H81*K81 -> 852.72 | N81: Caja | O81: 10 | Q81: =P81+P81*J81 -> 0 | R81: =P81*H81 -> 0 | S81: =R81+R81*J81 -> 0
A82: Material Sanitario de Consumo | B82: Material de curas, suturas y apósitos. | C82: Apósito multicapa autoadherente de silic | D82: 3120APOS00010 | E82: Apósito multicapa autoadherente de silicona, diseñado para lesiones con un amplio rango: heridas exudativas tales como úlceras por presión, úlceras en miembros inferiores (piernas y pies) y heridas traumáticas. 15X15cm | G82: 18 | H82: =G82*2 -> 36 | I82: 49.16 | J82: 0.1 | K82: =I82+I82*J82 -> 54.076 | L82: =H82*I82 -> 1769.76 | M82: =H82*K82 -> 1946.736 | N82: Caja | O82: 5 | Q82: =P82+P82*J82 -> 0 | R82: =P82*H82 -> 0 | S82: =R82+R82*J82 -> 0
A83: Material Sanitario de Consumo | B83: Material de curas, suturas y apósitos. | C83: Apósito multicapa autoadherente de silic | D83: 3120APOS00011 | E83: Apósito multicapa autoadherente de silicona, diseñado para lesiones con un amplio rango: heridas exudativas tales como úlceras por presión, úlceras en miembros inferiores (piernas y pies) y heridas traumáticas. 7,5 x 7,5 cm | G83: 45 | H83: =G83*2 -> 90 | I83: 14.28 | J83: 0.1 | K83: =I83+I83*J83 -> 15.708 | L83: =H83*I83 -> 1285.2 | M83: =H83*K83 -> 1413.72 | N83: Caja | O83: 5 | Q83: =P83+P83*J83 -> 0 | R83: =P83*H83 -> 0 | S83: =R83+R83*J83 -> 0
A84: Material Sanitario de Consumo | B84: Material de curas, suturas y apósitos. | C84: Apósito multicapa autoadherente 10X10cm | D84: 3120APOS00012 | E84: Apósito multicapa autoadherente de suave silicona diseñado para lesiones con un amplio rango: heridas exudativas tales como úlceras por presión, úlceras en miembros inferiores (piernas y pies) y heridas traumáticas. 10X10cm | G84: 4 | H84: =G84*2 -> 8 | I84: 23.8 | J84: 0.1 | K84: =I84+I84*J84 -> 26.18 | L84: =H84*I84 -> 190.4 | M84: =H84*K84 -> 209.44 | N84: Caja | O84: 5 | Q84: =P84+P84*J84 -> 0 | R84: =P84*H84 -> 0 | S84: =R84+R84*J84 -> 0
A85: Material Sanitario de Consumo | B85: Material de curas, suturas y apósitos. | C85: Apósito para cánulas autoadhesivo y esté | D85: 3120APOS00013 | E85: Apósito para cánulas autoadhesivo y estéril, compuesto de materiales hipoalergénicos y con una parte acolchada no adherente. Para fijar las cánulas I.V. Medidas 8x7cm. | F85: 685756 | G85: 1 | H85: =G85*2 -> 2 | I85: 30.43 | J85: 0.1 | K85: =I85+I85*J85 -> 33.473 | L85: =H85*I85 -> 60.86 | M85: =H85*K85 -> 66.946 | N85: Caja | O85: 100 | Q85: =P85+P85*J85 -> 0 | R85: =P85*H85 -> 0 | S85: =R85+R85*J85 -> 0
A86: Material Sanitario de Consumo | B86: Material de curas, suturas y apósitos. | C86: Apósito transparente de poliuretano esté | D86: 3120APOS00014 | E86: Apósito transparente de poliuretano estéril. Impermeable y transpirable. Barrera bacteriana 10X12cm | F86: 1626W | G86: 27 | H86: =G86*2 -> 54 | I86: 29.92 | J86: 0.1 | K86: =I86+I86*J86 -> 32.912 | L86: =H86*I86 -> 1615.68 | M86: =H86*K86 -> 1777.248 | N86: Caja | O86: 50 | Q86: =P86+P86*J86 -> 0 | R86: =P86*H86 -> 0 | S86: =R86+R86*J86 -> 0
A87: Material Sanitario de Consumo | B87: Material de curas, suturas y apósitos. | C87: Apósito transparente de poliuretano. 45 | D87: 3120APOS00015 | E87: Apósito transparente de poliuretano. Película transparente y adhesiva, impermeable al agua y a la humedad, adaptable a cualquier zona y extensible 45X28cm. | F87: 4988 | G87: 2 | H87: =G87*2 -> 4 | I87: 68 | J87: 0.1 | K87: =I87+I87*J87 -> 74.8 | L87: =H87*I87 -> 272 | M87: =H87*K87 -> 299.2 | N87: Caja | O87: 10 | Q87: =P87+P87*J87 -> 0 | R87: =P87*H87 -> 0 | S87: =R87+R87*J87 -> 0
A88: Material Sanitario de Consumo | B88: Material de curas, suturas y apósitos. | C88: Apósito transparente de poliuretano. 30X | D88: 3120APOS00016 | E88: Apósito transparente de poliuretano. Película transparente y adhesiva, impermeable al agua y a la humedad, adaptable a cualquier zona y extensible. 30X28cm. | F88: 4987 | G88: 4 | H88: =G88*2 -> 8 | I88: 40.8 | J88: 0.1 | K88: =I88+I88*J88 -> 44.88 | L88: =H88*I88 -> 326.4 | M88: =H88*K88 -> 359.04 | N88: Caja | O88: 10 | Q88: =P88+P88*J88 -> 0 | R88: =P88*H88 -> 0 | S88: =R88+R88*J88 -> 0
A89: Material Sanitario de Consumo | B89: Material de curas, suturas y apósitos. | C89: Apósito transparente para fijar vías int | D89: 3120APOS00017 | E89: Apósito transparente para fijar vías intravenosas periféricas y centrales. Pacientes adultos y pediátricos.7X8,5cm | F89: 1633IV | G89: 32 | H89: =G89*2 -> 64 | I89: 76.5 | J89: 0.1 | K89: =I89+I89*J89 -> 84.15 | L89: =H89*I89 -> 4896 | M89: =H89*K89 -> 5385.6 | N89: Caja | O89: 100 | Q89: =P89+P89*J89 -> 0 | R89: =P89*H89 -> 0 | S89: =R89+R89*J89 -> 0
A90: Material Sanitario de Consumo | B90: Material de curas, suturas y apósitos. | C90: Apósitos de celulosa precortada 4cm x 5c | D90: 3120APOS00018 | E90: Apósitos de celulosa precortada 4cm x 5cm. Compuesto por 12 capas de celulosa. | F90: 143213 | G90: 37 | H90: =G90*2 -> 74 | I90: 2.34 | J90: 0.1 | K90: =I90+I90*J90 -> 2.574 | L90: =H90*I90 -> 173.16 | M90: =H90*K90 -> 190.476 | N90: Unidad | O90: 1 | Q90: =P90+P90*J90 -> 0 | R90: =P90*H90 -> 0 | S90: =R90+R90*J90 -> 0
A91: Material Sanitario de Consumo | B91: Material de curas, suturas y apósitos. | C91: Compresa oftálmica de algodón hidrófilo | D91: 3120APOS00020 | E91: Compresa oftálmica compuesta de algodón hidrófilo de alta calidad envuelto de gasa hidrófila de algodón puro. 56X70mm | F91: 415650 | G91: 1 | H91: =G91*2 -> 2 | I91: 4.42 | J91: 0.1 | K91: =I91+I91*J91 -> 4.862 | L91: =H91*I91 -> 8.84 | M91: =H91*K91 -> 9.724 | N91: Caja | O91: 50 | Q91: =P91+P91*J91 -> 0 | R91: =P91*H91 -> 0 | S91: =R91+R91*J91 -> 0
A92: Material Sanitario de Consumo | B92: Material de curas, suturas y apósitos. | C92: Suave lámina de contacto con microadhere | D92: 3120APOS00024 | E92: Suave lámina de contacto con microadherencia selectiva por las dos caras. El apósito minimiza el riesgo de adherencia a la herida, el desprendimiento de la piel y el dolor del paciente durante los cambios de apósito. Mepitel aposito 7,5x10 cm | F92: 290710 | G92: 1 | H92: =G92*2 -> 2 | I92: 22.85 | J92: 0.1 | K92: =I92+I92*J92 -> 25.135 | L92: =H92*I92 -> 45.7 | M92: =H92*K92 -> 50.27 | N92: Caja | O92: 3 | Q92: =P92+P92*J92 -> 0 | R92: =P92*H92 -> 0 | S92: =R92+R92*J92 -> 0
A93: Material Sanitario de Consumo | B93: Material de curas, suturas y apósitos. | C93: Parche ocular hipoalergénico talla grand | D93: 3120APOS00026 | E93: Parche ocular hipoalergénico talla grande de 8x 5,7cm. Oclusivo 100% | F93: 1539 | G93: 10 | H93: =G93*2 -> 20 | I93: 3.8 | J93: 0.1 | K93: =I93+I93*J93 -> 4.18 | L93: =H93*I93 -> 76 | M93: =H93*K93 -> 83.6 | N93: Caja | O93: 20 | Q93: =P93+P93*J93 -> 0 | R93: =P93*H93 -> 0 | S93: =R93+R93*J93 -> 0
A94: Material Sanitario de Consumo | B94: Material de curas, suturas y apósitos. | C94: Tirita de soporte de no tejido elástico, | D94: 3120APOS00030 | E94: Tirita de soporte de no tejido elástico, adhesivo hipoalergénico. Especial pieles sensibles y zonas delicadas del cuerpo. Surtido 2 tamaños. | F94: 76450-12 | G94: 11 | H94: =G94*2 -> 22 | I94: 2.81 | J94: 0.1 | K94: =I94+I94*J94 -> 3.091 | L94: =H94*I94 -> 61.82 | M94: =H94*K94 -> 68.002 | N94: Caja | O94: 20 | Q94: =P94+P94*J94 -> 0 | R94: =P94*H94 -> 0 | S94: =R94+R94*J94 -> 0
A95: Material Sanitario de Consumo | B95: Material de curas, suturas y apósitos. | C95: Tiritas azules detectables con adhesivo | D95: 3120APOS00031 | E95: Tiritas azules detectables confeccionadas con adhesivo hipoalergénico tolerado por la piel, adecuado para pieles sensibles. 19X72mm. | F95: 5506013 | G95: 2 | H95: =G95*2 -> 4 | I95: 2.68 | J95: 0.1 | K95: =I95+I95*J95 -> 2.948 | L95: =H95*I95 -> 10.72 | M95: =H95*K95 -> 11.792 | N95: Caja | O95: 100 | Q95: =P95+P95*J95 -> 0 | R95: =P95*H95 -> 0 | S95: =R95+R95*J95 -> 0
A96: Material Sanitario de Consumo | B96: Material de curas, suturas y apósitos. | C96: Tiritas de soporte de polietileno microp | D96: 3120APOS00032 | E96: Tiritas de soporte de polietileno microperforado. Impermeable y transpirable. Adhesivo hipoalergénico de alta adhesividad con suave compresa central. 19X72mm. | F96: 281423 | G96: 1 | H96: =G96*2 -> 2 | I96: 4.37 | J96: 0.1 | K96: =I96+I96*J96 -> 4.807 | L96: =H96*I96 -> 8.74 | M96: =H96*K96 -> 9.614 | N96: Caja | O96: 250 | Q96: =P96+P96*J96 -> 0 | R96: =P96*H96 -> 0 | S96: =R96+R96*J96 -> 0
A97: Material Sanitario de Consumo | B97: Material de curas, suturas y apósitos. | C97: Apósito Allevyn Heel 10,5X13,5cm ref:660 | D97: 3120APOS00033 | E97: Apósito Allevyn Heel 10,5X13,5cm ref:66000695 | G97: 6 | H97: =G97*2 -> 12 | I97: 30.6 | J97: 0.1 | K97: =I97+I97*J97 -> 33.66 | L97: =H97*I97 -> 367.2 | M97: =H97*K97 -> 403.92 | N97: Caja | O97: 3 | Q97: =P97+P97*J97 -> 0 | R97: =P97*H97 -> 0 | S97: =R97+R97*J97 -> 0
A98: Material Sanitario de Consumo | B98: Material de curas, suturas y apósitos. | C98: Apósito opsite post-op 35X10cm | D98: 3120APOS00035 | E98: Apósito opsite post-op 35X10cm | F98: 043455 66800141 | G98: 1 | H98: =G98*2 -> 2 | I98: 158.16 | J98: 0.1 | K98: =I98+I98*J98 -> 173.976 | L98: =H98*I98 -> 316.32 | M98: =H98*K98 -> 347.952 | N98: Caja | O98: 20 | Q98: =P98+P98*J98 -> 0 | R98: =P98*H98 -> 0 | S98: =R98+R98*J98 -> 0
A99: Material Sanitario de Consumo | B99: Material de curas, suturas y apósitos. | C99: Depresor plástico estéril | D99: 3120DEPR00001 | E99: Depresor plástico estéril | F99: 110010 DP3001 | G99: 1 | H99: =G99*2 -> 2 | I99: 10.78 | J99: 0.21 | K99: =I99+I99*J99 -> 13.0438 | L99: =H99*I99 -> 21.56 | M99: =H99*K99 -> 26.0876 | N99: Caja | O99: 100 | Q99: =P99+P99*J99 -> 0 | R99: =P99*H99 -> 0 | S99: =R99+R99*J99 -> 0
A100: Material Sanitario de Consumo | B100: Material de curas, suturas y apósitos. | C100: Banda de tejido sin tejer de 2,5cmX 10m | D100: 3120ESPA00001 | E100: Esparadrapo elástico para la retención de heridas, con adhesivo hipoalergénico Banda de tejido sin tejer de 2,5cmX 10m | G100: 3 | H100: =G100*2 -> 6 | I100: 1.96 | J100: 0.1 | K100: =I100+I100*J100 -> 2.156 | L100: =H100*I100 -> 11.76 | M100: =H100*K100 -> 12.936 | N100: Unidad | O100: 1 | Q100: =P100+P100*J100 -> 0 | R100: =P100*H100 -> 0 | S100: =R100+R100*J100 -> 0
...

Sheet LOTE 2
A1: LOTE 2
A2: FAMILIA PIXEL | B2: SUBFAMILIA PIXEL | C2: NOMBRE | D2: MATERIAL MUTUA MONTAÑESA | E2: DESCRIPCIÓN ARTÍCULO SOLICITADO MM | F2: Referencia Fabricante | G2: Cantidad estimada PARA 1 AÑO | H2: Cantidad estimada PARA 2 AÑO | I2: Precio Unitario MAXIMO | J2: IVA | K2: Precio unitario con IVA MAXIMO | L2: PBL 2 AÑOS SIN IVA | M2: PBL 2 AÑOS CON IVA | N2: CAJA ó UNIDAD | O2: UNIDADES | P2: PRECIO UNITARIO OFERTADO SIN IVA | Q2: PRECIO UNITARIO OFERTADO CON IVA | R2: OFERTA TOTAL 2 AÑOS SIN IVA | S2: OFERTA TOTAL 2 AÑOS CON IVA | T2: REFERENCIA FABRICANTE OFERTADO
A3: Productos Farmacéuticos | B3: Otros productos farmacéuticos. | C3: Lentinas 1,27x1,27 johnson&john | D3: 3090COLI00001 | E3: Lentinas 1,27x1,27 johnson&john | G3: 1 | H3: =G3*2 -> 2 | I3: 173.81 | J3: 0.1 | K3: =I3+I3*J3 -> 191.191 | L3: =H3*I3 -> 347.62 | M3: =L3+L3*J3 -> 382.382 | N3: Caja | O3: 240 | Q3: =P3+P3*J3 -> 0 | R3: =P3*H3 -> 0 | S3: =R3+R3*J3 -> 0
A4: Material Sanitario de Consumo | B4: Catéteres, sondas, drenajes, colectores y membranas de diálisis. | C4: Aguja colorado microd. recta tungst 54mm | D4: 3110AGUJ00001 | E4: Aguja colorado microd. recta tungst 54mm | G4: 21 | H4: =G4*2 -> 42 | I4: 12.32 | J4: 0.21 | K4: =I4+I4*J4 -> 14.9072 | L4: =H4*I4 -> 517.44 | M4: =L4+L4*J4 -> 626.1024 | N4: Unidad | O4: 1 | Q4: =P4+P4*J4 -> 0 | R4: =P4*H4 -> 0 | S4: =R4+R4*J4 -> 0
A5: Material Sanitario de Consumo | B5: Catéteres, sondas, drenajes, colectores y membranas de diálisis. | C5: Catéter de embolectomía con punta corta | D5: 3110CATE00006 | E5: Catéter de embolectomía con punta corta distal que permite una inserción arterial mas fácil, reduciendo la disección de placa. Globo resistente, se infla con una forma cilíndrica. El cuerpo del catéter es lo suficientemente rígido para la inserción contrario al flujo sanguíneo. catéter Fogarty para embolectomía 3fr 80cm. | F5: 120803F | G5: 1 | H5: =G5*2 -> 2 | I5: 163.2 | J5: 0.21 | K5: =I5+I5*J5 -> 197.472 | L5: =H5*I5 -> 326.4 | M5: =L5+L5*J5 -> 394.944 | N5: Unidad | O5: 1 | Q5: =P5+P5*J5 -> 0 | R5: =P5*H5 -> 0 | S5: =R5+R5*J5 -> 0
A6: Material Sanitario de Consumo | B6: Catéteres, sondas, drenajes, colectores y membranas de diálisis. | C6: Contiplex tuohy ultra 360 G18 1.3X50 | D6: 3110CATE00007 | E6: Contiplex tuohy ultra 360 G18 1.3X50 | G6: 1 | H6: =G6*2 -> 2 | I6: 682.38 | J6: 0.21 | K6: =I6+I6*J6 -> 825.6798 | L6: =H6*I6 -> 1364.76 | M6: =L6+L6*J6 -> 1651.3596 | N6: Caja | O6: 10 | Q6: =P6+P6*J6 -> 0 | R6: =P6*H6 -> 0 | S6: =R6+R6*J6 -> 0
A7: Material Sanitario de Consumo | B7: Catéteres, sondas, drenajes, colectores y membranas de diálisis. | C7: Sistema certocix doble 18g. | D7: 3110CATE00008 | E7: Sistema certocix doble 18g. | G7: 1 | H7: =G7*2 -> 2 | I7: 376.99 | J7: 0.21 | K7: =I7+I7*J7 -> 456.1579 | L7: =H7*I7 -> 753.98 | M7: =L7+L7*J7 -> 912.3158 | N7: Caja | O7: 10 | Q7: =P7+P7*J7 -> 0 | R7: =P7*H7 -> 0 | S7: =R7+R7*J7 -> 0
A8: Material Sanitario de Consumo | B8: Catéteres, sondas, drenajes, colectores y membranas de diálisis. | C8: Reservorio drenaje plano 400cc | D8: 3110DREN00006 | E8: Reservorio drenaje plano 400cc | F8: A009495 2013-0640 | G8: 1 | H8: =G8*2 -> 2 | I8: 81.16 | J8: 0.21 | K8: =I8+I8*J8 -> 98.2036 | L8: =H8*I8 -> 162.32 | M8: =L8+L8*J8 -> 196.4072 | N8: Caja | O8: 5 | Q8: =P8+P8*J8 -> 0 | R8: =P8*H8 -> 0 | S8: =R8+R8*J8 -> 0
A9: Material Sanitario de Consumo | B9: Catéteres, sondas, drenajes, colectores y membranas de diálisis. | C9: Drenaje plano 10mm 3/4 perf c/troc | D9: 3110DREN00007 | E9: Drenaje plano 10mm 3/4 perf c/troc | F9: A009496 PR20149101 | G9: 1 | H9: =G9*2 -> 2 | I9: 131.14 | J9: 0.21 | K9: =I9+I9*J9 -> 158.6794 | L9: =H9*I9 -> 262.28 | M9: =L9+L9*J9 -> 317.3588 | N9: Caja | O9: 10 | Q9: =P9+P9*J9 -> 0 | R9: =P9*H9 -> 0 | S9: =R9+R9*J9 -> 0
A10: Material Sanitario de Consumo | B10: Catéteres, sondas, drenajes, colectores y membranas de diálisis. | C10: Cánula Yankauer 4 mm x 25cm. Estéril. Pu | D10: 3110RESP00001 | E10: Cánula Yankauer 4 mm x 25cm. Estéril. Punta recta Fabricado en PVC atóxico y transparente. | F10: 27512 | G10: 1 | H10: =G10*2 -> 2 | I10: 67.83 | J10: 0.21 | K10: =I10+I10*J10 -> 82.0743 | L10: =H10*I10 -> 135.66 | M10: =L10+L10*J10 -> 164.1486 | N10: Unidad | O10: 50 | Q10: =P10+P10*J10 -> 0 | R10: =P10*H10 -> 0 | S10: =R10+R10*J10 -> 0
A11: Material Sanitario de Consumo | B11: Catéteres, sondas, drenajes, colectores y membranas de diálisis. | C11: Sonda Foley de silicona con balón. Sin l | D11: 3110SOND00002 | E11: Sonda Foley de silicona para drenaje urinario de larga permanencia, con balón, de Silkomed (100% Elastómero de silicona), transparentes, con punta radiopaca, con embudo, válvula para racores de jeringa luer y luer-lock, para uso único, estéril. Aprox. 41 cm de longitud, cilíndrica, con 2 orificios opuestos, punta plena. Con jeringuilla cargada (10 ml de Glicerina acuosa al 10% estéril). Sin látex CH14 | F11: 178000-14 | G11: 2 | H11: =G11*2 -> 4 | I11: 4.1 | J11: 0.1 | K11: =I11+I11*J11 -> 4.51 | L11: =H11*I11 -> 16.4 | M11: =L11+L11*J11 -> 18.04 | N11: Caja | O11: 1 | Q11: =P11+P11*J11 -> 0 | R11: =P11*H11 -> 0 | S11: =R11+R11*J11 -> 0
A12: Material Sanitario de Consumo | B12: Catéteres, sondas, drenajes, colectores y membranas de diálisis. | C12: Sonda Foley de silicona para drenaje uri | D12: 3110SOND00003 | E12: Sonda Foley de silicona para drenaje urinario de larga permanencia, con balón, de silkomed (100% Elastómero de silicona), transparentes, con punta radiopaca, con embudo, válvula para racores de jeringa luer y luer-lock, para uso único, estéril. Aprox. 41 cm de longitud, cilíndrica, con 2 orificios opuestos, punta plena. Con jeringuilla cargada (10 ml de Glicerina acuosa al 10% estéril). Sin látex CH16 | F12: 178000-16 | G12: 2 | H12: =G12*2 -> 4 | I12: 21.73 | J12: 0.1 | K12: =I12+I12*J12 -> 23.903 | L12: =H12*I12 -> 86.92 | M12: =L12+L12*J12 -> 95.612 | N12: Caja | O12: 5 | Q12: =P12+P12*J12 -> 0 | R12: =P12*H12 -> 0 | S12: =R12+R12*J12 -> 0
A13: Material Sanitario de Consumo | B13: Catéteres, sondas, drenajes, colectores y membranas de diálisis. | C13: Sonda Foley de silicona para drenaje uri | D13: 3110SOND00004 | E13: Sonda Foley de silicona para drenaje urinario de larga permanencia, con balón, de silkomed (100% elastómero de silicona), transparentes, con punta radiopaca, con embudo, válvula para racores de jeringa luer y luer-lock, para uso único, estéril. Aprox. 41 cm de longitud, cilíndrica, con 2 orificios opuestos, punta plena. Con jeringuilla cargada (10 ml de Glicerina acuosa al 10% estéril). Sin látex CH18 | G13: 3 | H13: =G13*2 -> 6 | I13: 21.73 | J13: 0.1 | K13: =I13+I13*J13 -> 23.903 | L13: =H13*I13 -> 130.38 | M13: =L13+L13*J13 -> 143.418 | N13: Caja | O13: 5 | Q13: =P13+P13*J13 -> 0 | R13: =P13*H13 -> 0 | S13: =R13+R13*J13 -> 0
A14: Material Sanitario de Consumo | B14: Catéteres, sondas, drenajes, colectores y membranas de diálisis. | C14: Sonda de succión con control,ch 16 longi | D14: 3110SOND00005 | E14: Sonda de succión con control, ch 16 longitud 52 cm. Abertura central 2 pequeños orificios laterales. | F14: 1952081 | G14: 1 | H14: =G14*2 -> 2 | I14: 32.64 | J14: 0.1 | K14: =I14+I14*J14 -> 35.904 | L14: =H14*I14 -> 65.28 | M14: =L14+L14*J14 -> 71.808 | N14: Caja | O14: 100 | Q14: =P14+P14*J14 -> 0 | R14: =P14*H14 -> 0 | S14: =R14+R14*J14 -> 0
A15: Material Sanitario de Consumo | B15: Catéteres, sondas, drenajes, colectores y membranas de diálisis. | C15: Sonda nasogástrica duodenal tipo Levin c | D15: 3110SOND00006 | E15: Sonda nasogástrica duodenal tipo Levin con línea radiopaca, extremo distal con punta cilíndrica abierta y 4 orificios laterales. 100% PVC. CH16 122cm S | F15: 444653 | G15: 2 | H15: =G15*2 -> 4 | I15: 0.41 | J15: 0.1 | K15: =I15+I15*J15 -> 0.451 | L15: =H15*I15 -> 1.64 | M15: =L15+L15*J15 -> 1.804 | N15: Unidad | O15: 1 | Q15: =P15+P15*J15 -> 0 | R15: =P15*H15 -> 0 | S15: =R15+R15*J15 -> 0
A16: Material Sanitario de Consumo | B16: Catéteres, sondas, drenajes, colectores y membranas de diálisis. | C16: Sonda vesical de 3 vías Nº 18 | D16: 3110SOND00007 | E16: Sonda vesical de 3 vías Nº 18 | G16: 1 | H16: =G16*2 -> 2 | I16: 115.67 | J16: 0.21 | K16: =I16+I16*J16 -> 139.9607 | L16: =H16*I16 -> 231.34 | M16: =L16+L16*J16 -> 279.9214 | N16: Caja | O16: 60 | Q16: =P16+P16*J16 -> 0 | R16: =P16*H16 -> 0 | S16: =R16+R16*J16 -> 0
A17: Material Sanitario de Consumo | B17: Catéteres, sondas, drenajes, colectores y membranas de diálisis. | C17: Sonda vesical baja fricción nº16 Lubrica | D17: 3110SOND00008 | E17: Sonda vesical baja fricción nº16 Lubricada es una sonda estéril de poliuretano. | G17: 1 | H17: =G17*2 -> 2 | I17: 127.3 | J17: 0.1 | K17: =I17+I17*J17 -> 140.03 | L17: =H17*I17 -> 254.6 | M17: =L17+L17*J17 -> 280.06 | N17: Caja | O17: 60 | Q17: =P17+P17*J17 -> 0 | R17: =P17*H17 -> 0 | S17: =R17+R17*J17 -> 0
A18: Material Sanitario de Consumo | B18: Catéteres, sondas, drenajes, colectores y membranas de diálisis. | C18: Sonda vesical baja fricción nº14. Lubric | D18: 3110SOND00009 | E18: Sonda vesical baja fricción nº14. Lubricada es una sonda estéril de Poliuretano. | F18: 28494 | G18: 1 | H18: =G18*2 -> 2 | I18: 112.61 | J18: 0.1 | K18: =I18+I18*J18 -> 123.871 | L18: =H18*I18 -> 225.22 | M18: =L18+L18*J18 -> 247.742 | N18: Caja | O18: 60 | Q18: =P18+P18*J18 -> 0 | R18: =P18*H18 -> 0 | S18: =R18+R18*J18 -> 0
A19: Material Sanitario de Consumo | B19: Material de curas, suturas y apósitos. | C19: Campo de Incisión Antimicrobiano 56cm x | D19: 3120APOS00019 | E19: Campo de Incisión Antimicrobiano 56cm x 45cm. | F19: 6650 | G19: 15 | H19: =G19*2 -> 30 | I19: 159.02 | J19: 0.21 | K19: =I19+I19*J19 -> 192.4142 | L19: =H19*I19 -> 4770.6 | M19: =L19+L19*J19 -> 5772.426 | N19: Caja | O19: 10 | Q19: =P19+P19*J19 -> 0 | R19: =P19*H19 -> 0 | S19: =R19+R19*J19 -> 0
A20: Material Sanitario de Consumo | B20: Material de curas, suturas y apósitos. | C20: Integra piel artificial monocapa 10 x 12 | D20: 3120APOS00022 | E20: Integra piel artificial monocapa 10 x 12,5 | G20: 2 | H20: =G20*2 -> 4 | I20: 2142 | J20: 0.1 | K20: =I20+I20*J20 -> 2356.2 | L20: =H20*I20 -> 8568 | M20: =L20+L20*J20 -> 9424.8 | N20: Unidad | O20: 1 | Q20: =P20+P20*J20 -> 0 | R20: =P20*H20 -> 0 | S20: =R20+R20*J20 -> 0
A21: Material Sanitario de Consumo | B21: Material de curas, suturas y apósitos. | C21: Integra piel artificial 10 x 12,5 | D21: 3120APOS00023 | E21: Integra piel artificial 10 x 12,5 | G21: 1 | H21: =G21*2 -> 2 | I21: 3570 | J21: 0.1 | K21: =I21+I21*J21 -> 3927 | L21: =H21*I21 -> 7140 | M21: =L21+L21*J21 -> 7854 | N21: Unidad | O21: 1 | Q21: =P21+P21*J21 -> 0 | R21: =P21*H21 -> 0 | S21: =R21+R21*J21 -> 0
A22: Material Sanitario de Consumo | B22: Material de curas, suturas y apósitos. | C22: Opticlude 20 parches 6,3 x 4,8 cm | D22: 3120APOS00025 | E22: Opticlude 20 parches 6,3 x 4,8 cm | F22: 1537 | G22: 1 | H22: =G22*2 -> 2 | I22: 0.23 | J22: 0.1 | K22: =I22+I22*J22 -> 0.253 | L22: =H22*I22 -> 0.46 | M22: =L22+L22*J22 -> 0.506 | N22: Caja | O22: 1 | Q22: =P22+P22*J22 -> 0 | R22: =P22*H22 -> 0 | S22: =R22+R22*J22 -> 0
A23: Material Sanitario de Consumo | B23: Material de curas, suturas y apósitos. | C23: Sensor invos 5100c neonatal <5 kgr. | D23: 3120APOS00027 | E23: Sensor invos 5100c neonatal <5 kgr. | G23: 24 | H23: =G23*2 -> 48 | I23: 228.12 | J23: 0.21 | K23: =I23+I23*J23 -> 276.0252 | L23: =H23*I23 -> 10949.76 | M23: =L23+L23*J23 -> 13249.21 | N23: Unidad | O23: 1 | Q23: =P23+P23*J23 -> 0 | R23: =P23*H23 -> 0 | S23: =R23+R23*J23 -> 0
A24: Material Sanitario de Consumo | B24: Material de curas, suturas y apósitos. | C24: Lanzas quirúrgicas desechables y absorbe | D24: 3120APOS00028 | E24: Lanzas quirúrgicas desechables y súper absorbentes para uso durante procedimientos oftálmicos y otros procedimientos microquirúrgicos. Disponible en celulosa y PVA. Suministrado estéril | F24: X-400101 | G24: 2 | H24: =G24*2 -> 4 | I24: 3.16 | J24: 0.21 | K24: =I24+I24*J24 -> 3.8236 | L24: =H24*I24 -> 12.64 | M24: =L24+L24*J24 -> 15.2944 | N24: Caja | O24: 10 | Q24: =P24+P24*J24 -> 0 | R24: =P24*H24 -> 0 | S24: =R24+R24*J24 -> 0
A25: Material Sanitario de Consumo | B25: Material de curas, suturas y apósitos. | C25: Surgicel fibrilar 2,5 x 5,1 cm c/10 | D25: 3120APOS00029 | E25: Surgicel fibrilar 2,5 x 5,1 cm c/10 | G25: 1 | H25: =G25*2 -> 2 | I25: 688.6 | J25: 0.1 | K25: =I25+I25*J25 -> 757.46 | L25: =H25*I25 -> 1377.2 | M25: =L25+L25*J25 -> 1514.92 | N25: Caja | O25: 10 | Q25: =P25+P25*J25 -> 0 | R25: =P25*H25 -> 0 | S25: =R25+R25*J25 -> 0
A26: Material Sanitario de Consumo | B26: Material de curas, suturas y apósitos. | C26: Lyostypt 10 X 12cm | D26: 3120APOS00034 | E26: Lyostypt 10 X 12cm | F26: A003879 1069209 | G26: 1 | H26: =G26*2 -> 2 | I26: 141.27 | J26: 0.1 | K26: =I26+I26*J26 -> 155.397 | L26: =H26*I26 -> 282.54 | M26: =L26+L26*J26 -> 310.794 | N26: Caja | O26: 4 | Q26: =P26+P26*J26 -> 0 | R26: =P26*H26 -> 0 | S26: =R26+R26*J26 -> 0
A27: Material Sanitario de Consumo | B27: Material de curas, suturas y apósitos. | C27: Taponamiento de oídos. Compresa para Oíd | D27: 3120GASA00009 | E27: Taponamiento de oídos. Compresa para Oídos, 12mm x 24mm | F27: 400162 | G27: 2 | H27: =G27*2 -> 4 | I27: 114.55 | J27: 0.21 | K27: =I27+I27*J27 -> 138.6055 | L27: =H27*I27 -> 458.2 | M27: =L27+L27*J27 -> 554.422 | N27: Caja | O27: 10 | Q27: =P27+P27*J27 -> 0 | R27: =P27*H27 -> 0 | S27: =R27+R27*J27 -> 0
A28: Material Sanitario de Consumo | B28: Material de curas, suturas y apósitos. | C28: Cinta vascular medi loop amarillo | D28: 3120LAZO00001 | E28: Cinta vascular medi loop amarillo | F28: VLMAXY | G28: 1 | H28: =G28*2 -> 2 | I28: 170 | J28: 0.21 | K28: =I28+I28*J28 -> 205.7 | L28: =H28*I28 -> 340 | M28: =L28+L28*J28 -> 411.4 | N28: Caja | O28: 100 | Q28: =P28+P28*J28 -> 0 | R28: =P28*H28 -> 0 | S28: =R28+R28*J28 -> 0
A29: Material Sanitario de Consumo | B29: Material de curas, suturas y apósitos. | C29: Sutura que se prepara a partir del polié | D29: 3120SUTU00004 | E29: Sutura que se prepara a partir del poliéster, poli (p-dioxanona). La sutura está indicada para uso en la aproximación de tejido blando. Sutura PDS II 2/0. | F29: W9125H | G29: 1 | H29: =G29*2 -> 2 | I29: 206 | J29: 0.1 | K29: =I29+I29*J29 -> 226.6 | L29: =H29*I29 -> 412 | M29: =L29+L29*J29 -> 453.2 | N29: Caja | O29: 36 | Q29: =P29+P29*J29 -> 0 | R29: =P29*H29 -> 0 | S29: =R29+R29*J29 -> 0
A30: Material Sanitario de Consumo | B30: Material de curas, suturas y apósitos. | C30: Sutura que se prepara a partir del polié | D30: 3120SUTU00005 | E30: Sutura que se prepara a partir del poliéster, poli (p-dioxanona). La sutura está indicada para uso en la aproximación de tejido blando. Sutura PDS II 3/0. | F30: W9124H | G30: 1 | H30: =G30*2 -> 2 | I30: 225.83 | J30: 0.1 | K30: =I30+I30*J30 -> 248.413 | L30: =H30*I30 -> 451.66 | M30: =L30+L30*J30 -> 496.826 | N30: Caja | O30: 36 | Q30: =P30+P30*J30 -> 0 | R30: =P30*H30 -> 0 | S30: =R30+R30*J30 -> 0
A31: Material Sanitario de Consumo | B31: Material de curas, suturas y apósitos. | C31: Sutura que se prepara a partir del polié | D31: 3120SUTU00006 | E31: Sutura que se prepara a partir del poliéster, poli (p-dioxanona). La sutura está indicada para uso en la aproximación de tejido blando. Sutura PDS II 4/0. | F31: W9115H | G31: 1 | H31: =G31*2 -> 2 | I31: 198.29 | J31: 0.1 | K31: =I31+I31*J31 -> 218.119 | L31: =H31*I31 -> 396.58 | M31: =L31+L31*J31 -> 436.238 | N31: Caja | O31: 36 | Q31: =P31+P31*J31 -> 0 | R31: =P31*H31 -> 0 | S31: =R31+R31*J31 -> 0
A32: Material Sanitario de Consumo | B32: Material de curas, suturas y apósitos. | C32: Sutura que se prepara a partir del polié | D32: 3120SUTU00007 | E32: Sutura que se prepara a partir del poliéster, poli (p-dioxanona). La sutura está indicada para uso en la aproximación de tejido blando. Sutura PDS II 5/0 13mm 45cm. | G32: 1 | H32: =G32*2 -> 2 | I32: 341.13 | J32: 0.1 | K32: =I32+I32*J32 -> 375.243 | L32: =H32*I32 -> 682.26 | M32: =L32+L32*J32 -> 750.486 | N32: Caja | O32: 36 | Q32: =P32+P32*J32 -> 0 | R32: =P32*H32 -> 0 | S32: =R32+R32*J32 -> 0
A33: Material Sanitario de Consumo | B33: Material de curas, suturas y apósitos. | C33: Sutura vloc 2/0 90 30 cm. gs-21 | D33: 3120SUTU00008 | E33: Sutura vloc 2/0 90 30 cm. gs-21 | G33: 1 | H33: =G33*2 -> 2 | I33: 728.52 | J33: 0.1 | K33: =I33+I33*J33 -> 801.372 | L33: =H33*I33 -> 1457.04 | M33: =L33+L33*J33 -> 1602.744 | N33: Caja | O33: 12 | Q33: =P33+P33*J33 -> 0 | R33: =P33*H33 -> 0 | S33: =R33+R33*J33 -> 0
A34: Material Sanitario de Consumo | B34: Material de curas, suturas y apósitos. | C34: Sutura v-loc 90 3/0 45cm | D34: 3120SUTU00009 | E34: Sutura v-loc 90 3/0 45cm | G34: 1 | H34: =G34*2 -> 2 | I34: 728.52 | J34: 0.1 | K34: =I34+I34*J34 -> 801.372 | L34: =H34*I34 -> 1457.04 | M34: =L34+L34*J34 -> 1602.744 | N34: Caja | O34: 12 | Q34: =P34+P34*J34 -> 0 | R34: =P34*H34 -> 0 | S34: =R34+R34*J34 -> 0
A35: Material Sanitario de Consumo | B35: Material de curas, suturas y apósitos. | C35: Sutura Ti-cron 3/0 75cm v30 | D35: 3120SUTU00017 | E35: Sutura Ti-cron 3/0 75cm v30 | F35: A010105 3205-41 | G35: 1 | H35: =G35*2 -> 2 | I35: 188.19 | J35: 0.1 | K35: =I35+I35*J35 -> 207.009 | L35: =H35*I35 -> 376.38 | M35: =L35+L35*J35 -> 414.018 | N35: Caja | O35: 36 | Q35: =P35+P35*J35 -> 0 | R35: =P35*H35 -> 0 | S35: =R35+R35*J35 -> 0
A36: Material Sanitario de Consumo | B36: Otro material desechable. | C36: Conexión 10x10 rectas no estéril | D36: 3130ADAP00005 | E36: Conexión 10x10 rectas no estéril | G36: 1 | H36: =G36*2 -> 2 | I36: 29.58 | J36: 0.21 | K36: =I36+I36*J36 -> 35.7918 | L36: =H36*I36 -> 59.16 | M36: =L36+L36*J36 -> 71.5836 | N36: Caja | O36: 100 | Q36: =P36+P36*J36 -> 0 | R36: =P36*H36 -> 0 | S36: =R36+R36*J36 -> 0
A37: Material Sanitario de Consumo | B37: Otro material desechable. | C37: Conexión recta med-med | D37: 3130ADAP00006 | E37: Conexión recta med-med | F37: 10.00.03 | G37: 1 | H37: =G37*2 -> 2 | I37: 29.58 | J37: 0.21 | K37: =I37+I37*J37 -> 35.7918 | L37: =H37*I37 -> 59.16 | M37: =L37+L37*J37 -> 71.5836 | N37: Caja | O37: 100 | Q37: =P37+P37*J37 -> 0 | R37: =P37*H37 -> 0 | S37: =R37+R37*J37 -> 0
A38: Material Sanitario de Consumo | B38: Otro material desechable. | C38: Cintas vasculares azul para identificaci | D38: 3130QUIR00001 | E38: Cintas vasculares para una segura identificación, retracción, oclusión de venas, arterias, nervios, uréteres y tendones, durante los procedimientos quirúrgicos. Radiopaco. Estéril por óxido de etileno. Silicona de grado médico curada con platino. Proporciona una adecuada retracción y mantiene la tensión. Sección oval para evitar trauma en los tejidos. Sin vicios ni pliegues. Cinta vascular dormo loop azul | F38: 31145678 | G38: 1 | H38: =G38*2 -> 2 | I38: 28.56 | J38: 0.21 | K38: =I38+I38*J38 -> 34.5576 | L38: =H38*I38 -> 57.12 | M38: =L38+L38*J38 -> 69.1152 | N38: Caja | O38: 20 | Q38: =P38+P38*J38 -> 0 | R38: =P38*H38 -> 0 | S38: =R38+R38*J38 -> 0
A39: Material Sanitario de Consumo | B39: Otro material desechable. | C39: Cintas vasculares blanca: identificación | D39: 3130QUIR00002 | E39: Cintas vasculares para una segura identificación, retracción, oclusión de venas, arterias, nervios, uréteres y tendones, durante los procedimientos quirúrgicos. Radiopaco. Estéril por óxido de etileno. Silicona de grado médico curada con platino. Proporciona una adecuada retracción y mantiene la tensión. Sección oval para evitar trauma en los tejidos. Sin vicios ni pliegues. Cinta vascular dormo loop blanca | F39: 31145686 | G39: 1 | H39: =G39*2 -> 2 | I39: 28.56 | J39: 0.21 | K39: =I39+I39*J39 -> 34.5576 | L39: =H39*I39 -> 57.12 | M39: =L39+L39*J39 -> 69.1152 | N39: Caja | O39: 20 | Q39: =P39+P39*J39 -> 0 | R39: =P39*H39 -> 0 | S39: =R39+R39*J39 -> 0
A40: Material Sanitario de Consumo | B40: Otro material desechable. | C40: Funda completa microscopio zeiss | D40: 3130QUIR00003 | E40: Funda completa microscopio zeiss | G40: 6 | H40: =G40*2 -> 12 | I40: 166.46 | J40: 0.21 | K40: =I40+I40*J40 -> 201.4166 | L40: =H40*I40 -> 1997.52 | M40: =L40+L40*J40 -> 2416.9992 | N40: Caja | O40: 10 | Q40: =P40+P40*J40 -> 0 | R40: =P40*H40 -> 0 | S40: =R40+R40*J40 -> 0
A41: Material Sanitario de Consumo | B41: Otro material desechable. | C41: Lazos de silicona de 2,5 x 1,02mm de var | D41: 3130QUIR00006 | E41: Lazos de silicona de 2,5 x 1,02mm de varios colores, diseñado para proporcionar la retracción, la oclusión y la identificación de arterias, venas, nervios y los uréteres. Libres de látex y radiopacos. Rojo. | F41: 402501 | G41: 3 | H41: =G41*2 -> 6 | I41: 25.91 | J41: 0.21 | K41: =I41+I41*J41 -> 31.3511 | L41: =H41*I41 -> 155.46 | M41: =L41+L41*J41 -> 188.1066 | N41: Caja | O41: 20 | Q41: =P41+P41*J41 -> 0 | R41: =P41*H41 -> 0 | S41: =R41+R41*J41 -> 0
A42: Material Sanitario de Consumo | B42: Otro material desechable. | C42: Mango electrobisturí estéril desechable | D42: 3130QUIR00007 | E42: Mango electrobisturí estéril desechable con conexión valleylab. | G42: 3 | H42: =G42*2 -> 6 | I42: 4.88 | J42: 0.21 | K42: =I42+I42*J42 -> 5.9048 | L42: =H42*I42 -> 29.28 | M42: =L42+L42*J42 -> 35.4288 | N42: Caja | O42: 1 | Q42: =P42+P42*J42 -> 0 | R42: =P42*H42 -> 0 | S42: =R42+R42*J42 -> 0
A43: Material Sanitario de Consumo | B43: Otro material desechable. | C43: Placas electrobisturí talla adulto, área | D43: 3130QUIR00008 | E43: Placas electrobisturí talla adulto, área conductiva 134cm | G43: 2 | H43: =G43*2 -> 4 | I43: 44.88 | J43: 0.21 | K43: =I43+I43*J43 -> 54.3048 | L43: =H43*I43 -> 179.52 | M43: =L43+L43*J43 -> 217.2192 | N43: Caja | O43: 50 | Q43: =P43+P43*J43 -> 0 | R43: =P43*H43 -> 0 | S43: =R43+R43*J43 -> 0
A44: Material Sanitario de Consumo | B44: Otro material desechable. | C44: Cánula aspiración Yankauer flexible FR/C | D44: 3130RESP00001 | E44: Cánula aspiración Yankauer flexible FR/CH-22, 6 mm. Ø, 25 cm. | F44: 8888502005 | G44: 1 | H44: =G44*2 -> 2 | I44: 166.26 | J44: 0.21 | K44: =I44+I44*J44 -> 201.1746 | L44: =H44*I44 -> 332.52 | M44: =L44+L44*J44 -> 402.3492 | N44: Caja | O44: 50 | Q44: =P44+P44*J44 -> 0 | R44: =P44*H44 -> 0 | S44: =R44+R44*J44 -> 0
A45: Material Sanitario de Consumo | B45: Otro material desechable. | C45: Circuito en "y" 1,8m con tubo bolsa 2l. | D45: 3130RESP00002 | E45: Circuito en "y" 1,8m con tubo bolsa 2l. | G45: 2 | H45: =G45*2 -> 4 | I45: 347.62 | J45: 0.21 | K45: =I45+I45*J45 -> 420.6202 | L45: =H45*I45 -> 1390.48 | M45: =L45+L45*J45 -> 1682.4808 | N45: Caja | O45: 20 | Q45: =P45+P45*J45 -> 0 | R45: =P45*H45 -> 0 | S45: =R45+R45*J45 -> 0
A46: Material Sanitario de Consumo | B46: Otro material desechable. | C46: Circuito pediátrico 150cm balón 1 l. | D46: 3130RESP00003 | E46: Circuito pediátrico 150cm balón 1 l. | G46: 5 | H46: =G46*2 -> 10 | I46: 130.87 | J46: 0.21 | K46: =I46+I46*J46 -> 158.3527 | L46: =H46*I46 -> 1308.7 | M46: =L46+L46*J46 -> 1583.527 | N46: Unidad | O46: 10 | Q46: =P46+P46*J46 -> 0 | R46: =P46*H46 -> 0 | S46: =R46+R46*J46 -> 0
A47: Material Sanitario de Consumo | B47: Otro material desechable. | C47: Circuito respiratorio pediátrico tyco | D47: 3130RESP00004 | E47: Circuito respiratorio pediátrico tyco | G47: 5 | H47: =G47*2 -> 10 | I47: 177.79 | J47: 0.21 | K47: =I47+I47*J47 -> 215.1259 | L47: =H47*I47 -> 1777.9 | M47: =L47+L47*J47 -> 2151.259 | N47: Unidad | O47: 10 | Q47: =P47+P47*J47 -> 0 | R47: =P47*H47 -> 0 | S47: =R47+R47*J47 -> 0
A48: Material Sanitario de Consumo | B48: Otro material desechable. | C48: Filtro humidificador c/codo+puerto Luer | D48: 3130RESP00005 | E48: Filtro humidificador con codo que combina el intercambio de calor y humedad con el rendimiento de filtrado contra agentes virales y bacterianos. El filtro tiene una carcasa ergonómica con un puerto Luer integrado y es ideal para su uso en anestesia y cuidados intensivos. CLEAR-THERM 3 | F48: 11541012 | G48: 39 | H48: =G48*2 -> 78 | I48: 113.22 | J48: 0.21 | K48: =I48+I48*J48 -> 136.9962 | L48: =H48*I48 -> 8831.16 | M48: =L48+L48*J48 -> 10685.704 | N48: Unidad | O48: 75 | Q48: =P48+P48*J48 -> 0 | R48: =P48*H48 -> 0 | S48: =R48+R48*J48 -> 0
A49: Material Sanitario de Consumo | B49: Otro material desechable. | C49: Filtro humidificador con codo estéril | D49: 3130RESP00006 | E49: Filtro humidificador con codo estéril | F49: 1341012S | G49: 2 | H49: =G49*2 -> 4 | I49: 120.87 | J49: 0.21 | K49: =I49+I49*J49 -> 146.2527 | L49: =H49*I49 -> 483.48 | M49: =L49+L49*J49 -> 585.0108 | N49: Caja | O49: 50 | Q49: =P49+P49*J49 -> 0 | R49: =P49*H49 -> 0 | S49: =R49+R49*J49 -> 0
A50: Material Sanitario de Consumo | B50: Otro material desechable. | C50: Humidificador O2 para oxigenoterapia. Pe | D50: 3130RESP00008 | E50: Humidificador O2 para tratamiento de oxigenoterapia. Dispositivo accesorio que se adapta al cuerpo dosificador, permitiendo la nebulización de agua para humidificar el aire administrado. | F50: 75040 | G50: 1 | H50: =G50*2 -> 2 | I50: 6.22 | J50: 0.21 | K50: =I50+I50*J50 -> 7.5262 | L50: =H50*I50 -> 12.44 | M50: =L50+L50*J50 -> 15.0524 | N50: Caja | O50: 1 | Q50: =P50+P50*J50 -> 0 | R50: =P50*H50 -> 0 | S50: =R50+R50*J50 -> 0
A51: Material Sanitario de Consumo | B51: Otro material desechable. | C51: Linea muestra desechable para anestesia. | D51: 3130RESP00012 | E51: Linea muestra desechable para anestesia. | G51: 2 | H51: =G51*2 -> 4 | I51: 73.44 | J51: 0.21 | K51: =I51+I51*J51 -> 88.8624 | L51: =H51*I51 -> 293.76 | M51: =L51+L51*J51 -> 355.4496 | N51: Caja | O51: 10 | Q51: =P51+P51*J51 -> 0 | R51: =P51*H51 -> 0 | S51: =R51+R51*J51 -> 0
A52: Material Sanitario de Consumo | B52: Otro material desechable. | C52: Mascarilla de O2 con nebulizador adult | D52: 3130RESP00013 | E52: Mascarilla de oxígeno con nebulizador adulto. Nebulizador con mascarilla para dispensar medicación. Recipiente de nebulización transparente graduado de 2 a 10 ml para correcta administración del medicamento. | F52: 1453 | G52: 17 | H52: =G52*2 -> 34 | I52: 1.51 | J52: 0.21 | K52: =I52+I52*J52 -> 1.8271 | L52: =H52*I52 -> 51.34 | M52: =L52+L52*J52 -> 62.1214 | N52: Unidad | O52: 1 | Q52: =P52+P52*J52 -> 0 | R52: =P52*H52 -> 0 | S52: =R52+R52*J52 -> 0
A53: Material Sanitario de Consumo | B53: Otro material desechable. | C53: Mascarilla deO2 de 7 concentracion | D53: 3130RESP00014 | E53: Mascarilla de oxígeno de 7 concentraciones. Se compone de mascarilla, tubo corrugado graduable en concentraciones y toma de oxígeno. Color azul | F53: I1117015 | G53: 1 | H53: =G53*2 -> 2 | I53: 1.71 | J53: 0.1 | K53: =I53+I53*J53 -> 1.881 | L53: =H53*I53 -> 3.42 | M53: =L53+L53*J53 -> 3.762 | N53: Unidad | O53: 1 | Q53: =P53+P53*J53 -> 0 | R53: =P53*H53 -> 0 | S53: =R53+R53*J53 -> 0
A54: Material Sanitario de Consumo | B54: Otro material desechable. | C54: Mascarilla laríngea desechable. Nº 4. | D54: 3130RESP00015 | E54: Mascarilla laríngea desechable de doble vía diseñada para separar los tractos digestivo y respiratorio y para canalizar los fluidos y gases lejos de la vía aérea. Nº 4. | F54: 40840000 | G54: 6 | H54: =G54*2 -> 12 | I54: 4.25 | J54: 0.1 | K54: =I54+I54*J54 -> 4.675 | L54: =H54*I54 -> 51 | M54: =L54+L54*J54 -> 56.1 | N54: Unidad | O54: 1 | Q54: =P54+P54*J54 -> 0 | R54: =P54*H54 -> 0 | S54: =R54+R54*J54 -> 0
A55: Material Sanitario de Consumo | B55: Otro material desechable. | C55: Mascarilla LMA supreme con balón gástric | D55: 3130RESP00016 | E55: Mascarilla LMA supreme con balón gástrico talla 3 | F55: 75030 | G55: 2 | H55: =G55*2 -> 4 | I55: 225.11 | J55: 0.1 | K55: =I55+I55*J55 -> 247.621 | L55: =H55*I55 -> 900.44 | M55: =L55+L55*J55 -> 990.484 | N55: Caja | O55: 10 | Q55: =P55+P55*J55 -> 0 | R55: =P55*H55 -> 0 | S55: =R55+R55*J55 -> 0
A56: Material Sanitario de Consumo | B56: Otro material desechable. | C56: Mascarilla LMA supreme con balón gástric | D56: 3130RESP00017 | E56: Mascarilla LMA supreme con balón gástrico talla 5 | F56: 175050 | G56: 1 | H56: =G56*2 -> 2 | I56: 225.11 | J56: 0.1 | K56: =I56+I56*J56 -> 247.621 | L56: =H56*I56 -> 450.22 | M56: =L56+L56*J56 -> 495.242 | N56: Caja | O56: 10 | Q56: =P56+P56*J56 -> 0 | R56: =P56*H56 -> 0 | S56: =R56+R56*J56 -> 0
A57: Material Sanitario de Consumo | B57: Otro material desechable. | C57: Mascarilla transparente de silicona para | D57: 3130RESP00018 | E57: Mascarilla transparente de silicona para resucitador. Reutilizable. Libre de látex. Nº4 | F57: 21.01.34 | G57: 1 | H57: =G57*2 -> 2 | I57: 15.06 | J57: 0.21 | K57: =I57+I57*J57 -> 18.2226 | L57: =H57*I57 -> 30.12 | M57: =L57+L57*J57 -> 36.4452 | N57: Unidad | O57: 1 | Q57: =P57+P57*J57 -> 0 | R57: =P57*H57 -> 0 | S57: =R57+R57*J57 -> 0
A58: Material Sanitario de Consumo | B58: Otro material desechable. | C58: Mascarilla transparente de silicona para | D58: 3130RESP00019 | E58: Mascarilla transparente de silicona para resucitador. Reutilizable. Libre de látex. Nº5 | F58: 21.01.35 | G58: 1 | H58: =G58*2 -> 2 | I58: 15.07 | J58: 0.21 | K58: =I58+I58*J58 -> 18.2347 | L58: =H58*I58 -> 30.14 | M58: =L58+L58*J58 -> 36.4694 | N58: Unidad | O58: 1 | Q58: =P58+P58*J58 -> 0 | R58: =P58*H58 -> 0 | S58: =R58+R58*J58 -> 0
A59: Material Sanitario de Consumo | B59: Otro material desechable. | C59: Recipiente de cal para respirador de ane | D59: 3130RESP00020 | E59: Recipiente de cal para respirador de anestesia precargado | F59: 2105489-003 | G59: 1 | H59: =G59*2 -> 2 | I59: 214.2 | J59: 0.21 | K59: =I59+I59*J59 -> 259.182 | L59: =H59*I59 -> 428.4 | M59: =L59+L59*J59 -> 518.364 | N59: Caja | O59: 8 | Q59: =P59+P59*J59 -> 0 | R59: =P59*H59 -> 0 | S59: =R59+R59*J59 -> 0
A60: Material Sanitario de Consumo | B60: Otro material desechable. | C60: Tubo de espirometría, desechable, 3 m/10 | D60: 3130RESP00021 | E60: Tubo de espirometría, desechable, 3 m/10FT amarillo 5 PCS | F60: 884101 | G60: 5 | H60: =G60*2 -> 10 | I60: 21.98 | J60: 0.21 | K60: =I60+I60*J60 -> 26.5958 | L60: =H60*I60 -> 219.8 | M60: =L60+L60*J60 -> 265.958 | N60: Caja | O60: 5 | Q60: =P60+P60*J60 -> 0 | R60: =P60*H60 -> 0 | S60: =R60+R60*J60 -> 0
A61: Material Sanitario de Consumo | B61: Otro material desechable. | C61: System psp filtro ptfe | D61: 3130RESP00022 | E61: System psp filtro ptfe | G61: 3 | H61: =G61*2 -> 6 | I61: 85 | J61: 0.21 | K61: =I61+I61*J61 -> 102.85 | L61: =H61*I61 -> 510 | M61: =L61+L61*J61 -> 617.1 | N61: Unidad | O61: 1 | Q61: =P61+P61*J61 -> 0 | R61: =P61*H61 -> 0 | S61: =R61+R61*J61 -> 0
A62: Material Sanitario de Consumo | B62: Otro material desechable. | C62: Tubo de conexión Argyle embudo 5X3,1m | D62: 3130RESP00023 | E62: Tubo de conexión Argyle embudo 5X3,1m | F62: 8888284539 | G62: 3 | H62: =G62*2 -> 6 | I62: 142.8 | J62: 0.21 | K62: =I62+I62*J62 -> 172.788 | L62: =H62*I62 -> 856.8 | M62: =L62+L62*J62 -> 1036.728 | N62: Caja | O62: 50 | Q62: =P62+P62*J62 -> 0 | R62: =P62*H62 -> 0 | S62: =R62+R62*J62 -> 0
A63: Material Sanitario de Consumo | B63: Otro material desechable. | C63: Tubo conexión Arsyle embudo 5X3,7m | D63: 3130RESP00024 | E63: Tubo conexión Arsyle embudo 5X3,7m | F63: 8888284547 | G63: 1 | H63: =G63*2 -> 2 | I63: 72.42 | J63: 0.21 | K63: =I63+I63*J63 -> 87.6282 | L63: =H63*I63 -> 144.84 | M63: =L63+L63*J63 -> 175.2564 | N63: Caja | O63: 50 | Q63: =P63+P63*J63 -> 0 | R63: =P63*H63 -> 0 | S63: =R63+R63*J63 -> 0
A64: Material Sanitario de Consumo | B64: Otro material desechable. | C64: Tubo conexión aspiración sher wood medic | D64: 3130RESP00025 | E64: Tubo conexión aspiración sher wood medical | G64: 2 | H64: =G64*2 -> 4 | I64: 252.96 | J64: 0.21 | K64: =I64+I64*J64 -> 306.0816 | L64: =H64*I64 -> 1011.84 | M64: =L64+L64*J64 -> 1224.3264 | N64: Caja | O64: 50 | Q64: =P64+P64*J64 -> 0 | R64: =P64*H64 -> 0 | S64: =R64+R64*J64 -> 0
A65: Material Sanitario de Consumo | B65: Otro material desechable. | C65: Tubos de guedel estériles fabricados en | D65: 3130RESP00026 | E65: Tubos de guedel estériles fabricados en ADH. Buena circulación del aire por el interior del tubo. nº 0 | G65: 1 | H65: =G65*2 -> 2 | I65: 0.49 | J65: 0.1 | K65: =I65+I65*J65 -> 0.539 | L65: =H65*I65 -> 0.98 | M65: =L65+L65*J65 -> 1.078 | N65: Unidad | O65: 1 | Q65: =P65+P65*J65 -> 0 | R65: =P65*H65 -> 0 | S65: =R65+R65*J65 -> 0
A66: Material Sanitario de Consumo | B66: Otro material desechable. | C66: Tubos de guedel estériles fabricados en | D66: 3130RESP00027 | E66: Tubos de guedel estériles fabricados en ADH. Buena circulación del aire por el interior del tubo. nº 1 | G66: 2 | H66: =G66*2 -> 4 | I66: 0.41 | J66: 0.1 | K66: =I66+I66*J66 -> 0.451 | L66: =H66*I66 -> 1.64 | M66: =L66+L66*J66 -> 1.804 | N66: Unidad | O66: 1 | Q66: =P66+P66*J66 -> 0 | R66: =P66*H66 -> 0 | S66: =R66+R66*J66 -> 0
A67: Material Sanitario de Consumo | B67: Otro material desechable. | C67: Tubos de guedel estériles fabricados en | D67: 3130RESP00028 | E67: Tubos de guedel estériles fabricados en ADH. Buena circulación del aire por el interior del tubo. nº 2 | F67: 11.00.02 | G67: 3 | H67: =G67*2 -> 6 | I67: 0.41 | J67: 0.1 | K67: =I67+I67*J67 -> 0.451 | L67: =H67*I67 -> 2.46 | M67: =L67+L67*J67 -> 2.706 | N67: Unidad | O67: 1 | Q67: =P67+P67*J67 -> 0 | R67: =P67*H67 -> 0 | S67: =R67+R67*J67 -> 0
A68: Material Sanitario de Consumo | B68: Otro material desechable. | C68: Tubos de guedel estériles fabricados en | D68: 3130RESP00029 | E68: Tubos de guedel estériles fabricados en ADH. Buena circulación del aire por el interior del tubo. nº 3 | F68: 11.00.03 | G68: 2 | H68: =G68*2 -> 4 | I68: 0.41 | J68: 0.1 | K68: =I68+I68*J68 -> 0.451 | L68: =H68*I68 -> 1.64 | M68: =L68+L68*J68 -> 1.804 | N68: Unidad | O68: 1 | Q68: =P68+P68*J68 -> 0 | R68: =P68*H68 -> 0 | S68: =R68+R68*J68 -> 0
A69: Material Sanitario de Consumo | B69: Otro material desechable. | C69: Tubos de guedel estériles fabricados en | D69: 3130RESP00030 | E69: Tubos de guedel estériles fabricados en ADH. Buena circulación del aire por el interior del tubo. nº 4 | F69: 11.00.04 | G69: 5 | H69: =G69*2 -> 10 | I69: 0.41 | J69: 0.1 | K69: =I69+I69*J69 -> 0.451 | L69: =H69*I69 -> 4.1 | M69: =L69+L69*J69 -> 4.51 | N69: Unidad | O69: 1 | Q69: =P69+P69*J69 -> 0 | R69: =P69*H69 -> 0 | S69: =R69+R69*J69 -> 0
A70: Material Sanitario de Consumo | B70: Otro material desechable. | C70: Tubos de guedel estériles fabricados en | D70: 3130RESP00031 | E70: Tubos de guedel estériles fabricados en ADH. Buena circulación del aire por el interior del tubo. nº 5 | F70: 11.00.05 | G70: 2 | H70: =G70*2 -> 4 | I70: 0.8 | J70: 0.1 | K70: =I70+I70*J70 -> 0.88 | L70: =H70*I70 -> 3.2 | M70: =L70+L70*J70 -> 3.52 | N70: Unidad | O70: 1 | Q70: =P70+P70*J70 -> 0 | R70: =P70*H70 -> 0 | S70: =R70+R70*J70 -> 0
A71: Material Sanitario de Consumo | B71: Otro material desechable. | C71: Sonda traqueal oral / nasal de alto cont | D71: 3130RESP00032 | E71: Sonda traqueal oral / nasal de alto contorno con balón. Tubo endotraqueal INT. Nº 7,5 mallin | F71: 107.75 | G71: 1 | H71: =G71*2 -> 2 | I71: 20.71 | J71: 0.1 | K71: =I71+I71*J71 -> 22.781 | L71: =H71*I71 -> 41.42 | M71: =L71+L71*J71 -> 45.562 | N71: Caja | O71: 10 | Q71: =P71+P71*J71 -> 0 | R71: =P71*H71 -> 0 | S71: =R71+R71*J71 -> 0
A72: Material Sanitario de Consumo | B72: Otro material desechable. | C72: Sonda traqueal oral / nasal de alto cont | D72: 3130RESP00033 | E72: Sonda traqueal oral / nasal de alto contorno con balón. Tubo endotraqueal INTER. nº 7 | F72: 107.70 | G72: 1 | H72: =G72*2 -> 2 | I72: 47.12 | J72: 0.1 | K72: =I72+I72*J72 -> 51.832 | L72: =H72*I72 -> 94.24 | M72: =L72+L72*J72 -> 103.664 | N72: Caja | O72: 10 | Q72: =P72+P72*J72 -> 0 | R72: =P72*H72 -> 0 | S72: =R72+R72*J72 -> 0
A73: Material Sanitario de Consumo | B73: Otro material desechable. | C73: Sonda traqueal oral / nasal de alto cont | D73: 3130RESP00034 | E73: Sonda traqueal oral / nasal de alto contorno con balón. Tubo endotraqueal INTER. Nº 8,5 | F73: 107.85 | G73: 2 | H73: =G73*2 -> 4 | I73: 47.12 | J73: 0.1 | K73: =I73+I73*J73 -> 51.832 | L73: =H73*I73 -> 188.48 | M73: =L73+L73*J73 -> 207.328 | N73: Caja | O73: 10 | Q73: =P73+P73*J73 -> 0 | R73: =P73*H73 -> 0 | S73: =R73+R73*J73 -> 0
A74: Material Sanitario de Consumo | B74: Otro material desechable. | C74: Sonda traqueal oral / nasal de alto cont | D74: 3130RESP00035 | E74: Sonda traqueal oral / nasal de alto contorno con balón.Tubo endotraqueal INTER. Nº8 | G74: 1 | H74: =G74*2 -> 2 | I74: 47.12 | J74: 0.1 | K74: =I74+I74*J74 -> 51.832 | L74: =H74*I74 -> 94.24 | M74: =L74+L74*J74 -> 103.664 | N74: Caja | O74: 10 | Q74: =P74+P74*J74 -> 0 | R74: =P74*H74 -> 0 | S74: =R74+R74*J74 -> 0
A75: Material Sanitario de Consumo | B75: Otro material desechable. | C75: Sonda traqueal oral / nasal de alto cont | D75: 3130RESP00036 | E75: Sonda traqueal oral / nasal de alto contorno con balón. Tubo endotraqueal INTER. nº 5 | F75: 107-50 | G75: 1 | H75: =G75*2 -> 2 | I75: 47.12 | J75: 0.1 | K75: =I75+I75*J75 -> 51.832 | L75: =H75*I75 -> 94.24 | M75: =L75+L75*J75 -> 103.664 | N75: Caja | O75: 10 | Q75: =P75+P75*J75 -> 0 | R75: =P75*H75 -> 0 | S75: =R75+R75*J75 -> 0
A76: Material Sanitario de Consumo | B76: Otro material desechable. | C76: Sonda traqueal oral / nasal de alto cont | D76: 3130RESP00037 | E76: Sonda traqueal oral / nasal de alto contorno con balón. Tubo endotraqueal. INTER. nº 5,5 | F76: 107.55 | G76: 1 | H76: =G76*2 -> 2 | I76: 16.66 | J76: 0.1 | K76: =I76+I76*J76 -> 18.326 | L76: =H76*I76 -> 33.32 | M76: =L76+L76*J76 -> 36.652 | N76: Unidad | O76: 1 | Q76: =P76+P76*J76 -> 0 | R76: =P76*H76 -> 0 | S76: =R76+R76*J76 -> 0
A77: Material Sanitario de Consumo | B77: Otro material desechable. | C77: Sonda traqueal oral / nasal de alto cont | D77: 3130RESP00038 | E77: Sonda traqueal oral / nasal de alto contorno con balón. Tubo endotraqueal INTER. Nº 6 | G77: 5 | H77: =G77*2 -> 10 | I77: 47.12 | J77: 0.1 | K77: =I77+I77*J77 -> 51.832 | L77: =H77*I77 -> 471.2 | M77: =L77+L77*J77 -> 518.32 | N77: Unidad | O77: 10 | Q77: =P77+P77*J77 -> 0 | R77: =P77*H77 -> 0 | S77: =R77+R77*J77 -> 0
A78: Material Sanitario de Consumo | B78: Otro material desechable. | C78: Sonda traqueal oral / nasal de alto cont | D78: 3130RESP00039 | E78: Sonda traqueal oral / nasal de alto contorno con balón. Tubo endotraqueal INTER. N 4,5 | F78: 107-45 | G78: 1 | H78: =G78*2 -> 2 | I78: 16.66 | J78: 0.1 | K78: =I78+I78*J78 -> 18.326 | L78: =H78*I78 -> 33.32 | M78: =L78+L78*J78 -> 36.652 | N78: Unidad | O78: 1 | Q78: =P78+P78*J78 -> 0 | R78: =P78*H78 -> 0 | S78: =R78+R78*J78 -> 0
A79: Material Sanitario de Consumo | B79: Otro material desechable. | C79: Tubo endotraqueal reforzado Balón lo-co | D79: 3130RESP00040 | E79: Tubo endotraqueal reforzado con espiral metálica, encapsulada de forma uniforme a la pared del tubo. Balón lo-contour de baja presión. Tubo endotraqueal reforzado con balón nº 8. | F79: 118.80 | G79: 2 | H79: =G79*2 -> 4 | I79: 119.03 | J79: 0.1 | K79: =I79+I79*J79 -> 130.933 | L79: =H79*I79 -> 476.12 | M79: =L79+L79*J79 -> 523.732 | N79: Caja | O79: 10 | Q79: =P79+P79*J79 -> 0 | R79: =P79*H79 -> 0 | S79: =R79+R79*J79 -> 0
A80: Material Sanitario de Consumo | B80: Otro material desechable. | C80: Tubo endotraqueal reforzado. Balón lo-co | D80: 3130RESP00041 | E80: Tubo endotraqueal reforzado con espiral metálica, encapsulada de forma uniforme a la pared del tubo. Balón lo-contour de baja presión.Tubo endotraqueal reforzado nº 8,5 | F80: 118.85 | G80: 5 | H80: =G80*2 -> 10 | I80: 119.03 | J80: 0.1 | K80: =I80+I80*J80 -> 130.933 | L80: =H80*I80 -> 1190.3 | M80: =L80+L80*J80 -> 1309.33 | N80: Caja | O80: 10 | Q80: =P80+P80*J80 -> 0 | R80: =P80*H80 -> 0 | S80: =R80+R80*J80 -> 0
A81: Material Sanitario de Consumo | B81: Otro material desechable. | C81: Tubo traqueal nasal con balón nº 6 | D81: 3130RESP00042 | E81: Tubo traqueal nasal con balón nº 6 | F81: 119-60NR | G81: 1 | H81: =G81*2 -> 2 | I81: 15.25 | J81: 0.1 | K81: =I81+I81*J81 -> 16.775 | L81: =H81*I81 -> 30.5 | M81: =L81+L81*J81 -> 33.55 | N81: Caja | O81: 1 | Q81: =P81+P81*J81 -> 0 | R81: =P81*H81 -> 0 | S81: =R81+R81*J81 -> 0
A82: Material Sanitario de Consumo | B82: Otro material desechable. | C82: Tubo traqueal nasal con balón nº 6.5 | D82: 3130RESP00043 | E82: Tubo traqueal nasal con balón nº 6.5 | F82: 119-65NR | G82: 1 | H82: =G82*2 -> 2 | I82: 11.39 | J82: 0.1 | K82: =I82+I82*J82 -> 12.529 | L82: =H82*I82 -> 22.78 | M82: =L82+L82*J82 -> 25.058 | N82: Caja | O82: 1 | Q82: =P82+P82*J82 -> 0 | R82: =P82*H82 -> 0 | S82: =R82+R82*J82 -> 0
A83: Material Sanitario de Consumo | B83: Otro material desechable. | C83: Tubo traqueal nasal con balón nº 7.5 | D83: 3130RESP00044 | E83: Tubo traqueal nasal con balón nº 7.5 | F83: 119-75NR | G83: 1 | H83: =G83*2 -> 2 | I83: 11.39 | J83: 0.1 | K83: =I83+I83*J83 -> 12.529 | L83: =H83*I83 -> 22.78 | M83: =L83+L83*J83 -> 25.058 | N83: Caja | O83: 1 | Q83: =P83+P83*J83 -> 0 | R83: =P83*H83 -> 0 | S83: =R83+R83*J83 -> 0
A84: Material Sanitario de Consumo | B84: Otro material desechable. | C84: Mascarill LMA supreme c/gástrico T-2 | D84: 3130RESP00045 | E84: Mascarill LMA supreme c/gástrico T-2 | F84: A009957 175020 | G84: 1 | H84: =G84*2 -> 2 | I84: 196.96 | J84: 0.21 | K84: =I84+I84*J84 -> 238.3216 | L84: =H84*I84 -> 393.92 | M84: =L84+L84*J84 -> 476.6432 | N84: Caja | O84: 10 | Q84: =P84+P84*J84 -> 0 | R84: =P84*H84 -> 0 | S84: =R84+R84*J84 -> 0
A85: Material Sanitario de Consumo | B85: Otro material desechable. | C85: Mascarill LMA supreme c/gástrico T-2,5 | D85: 3130RESP00046 | E85: Mascarill LMA supreme c/gástrico T-2,5 | F85: A009958 175025 | G85: 1 | H85: =G85*2 -> 2 | I85: 196.96 | J85: 0.21 | K85: =I85+I85*J85 -> 238.3216 | L85: =H85*I85 -> 393.92 | M85: =L85+L85*J85 -> 476.6432 | N85: Caja | O85: 10 | Q85: =P85+P85*J85 -> 0 | R85: =P85*H85 -> 0 | S85: =R85+R85*J85 -> 0
A86: Material Sanitario de Consumo | B86: Otro material desechable. | C86: Tubo guedel nº6 | D86: 3130RESP00047 | E86: Tubo guedel nº6 | F86: 624N | G86: 1 | H86: =G86*2 -> 2 | I86: 0.56 | J86: 0.1 | K86: =I86+I86*J86 -> 0.616 | L86: =H86*I86 -> 1.12 | M86: =L86+L86*J86 -> 1.232 | N86: Unidad | O86: 1 | Q86: =P86+P86*J86 -> 0 | R86: =P86*H86 -> 0 | S86: =R86+R86*J86 -> 0
A87: Material Sanitario de Consumo | B87: Otro material desechable. | C87: Paño fenestrado epidural 906540 | D87: 3130ROPA00014 | E87: Paño fenestrado epidural 906540 | G87: 3 | H87: =G87*2 -> 6 | I87: 217.26 | J87: 0.21 | K87: =I87+I87*J87 -> 262.8846 | L87: =H87*I87 -> 1303.56 | M87: =L87+L87*J87 -> 1577.3076 | N87: Caja | O87: 150 | Q87: =P87+P87*J87 -> 0 | R87: =P87*H87 -> 0 | S87: =R87+R87*J87 -> 0
A88: Material Sanitario de Consumo | B88: Otro material desechable. | C88: Torniquete sin látex verde. Goma smarch. | D88: 3130ROPA00018 | E88: Torniquete sin látex verde. Goma smarch. | F88: 8431785000084 | G88: 1 | H88: =G88*2 -> 2 | I88: 0.09 | J88: 0.21 | K88: =I88+I88*J88 -> 0.1089 | L88: =H88*I88 -> 0.18 | M88: =L88+L88*J88 -> 0.2178 | N88: Caja | O88: 1 | Q88: =P88+P88*J88 -> 0 | R88: =P88*H88 -> 0 | S88: =R88+R88*J88 -> 0
A89: Material Sanitario de Consumo | B89: Otro material desechable. | C89: Escobillón con medio de transporte AMIES | D89: 3130TUBO00001 | E89: Escobillón con medio de transporte AMIES | F89: AU-300287 | G89: 3 | H89: =G89*2 -> 6 | I89: 62.73 | J89: 0.21 | K89: =I89+I89*J89 -> 75.9033 | L89: =H89*I89 -> 376.38 | M89: =L89+L89*J89 -> 455.4198 | N89: Caja | O89: 150 | Q89: =P89+P89*J89 -> 0 | R89: =P89*H89 -> 0 | S89: =R89+R89*J89 -> 0
A90: Material Sanitario de Consumo | B90: Otro material desechable. | C90: Tubo traqueal nasal con balón nº7.0 | D90: 3130TUBO00002 | E90: Tubo traqueal nasal con balón nº7.0 | F90: 119-70NR | G90: 1 | H90: =G90*2 -> 2 | I90: 11.39 | J90: 0.1 | K90: =I90+I90*J90 -> 12.529 | L90: =H90*I90 -> 22.78 | M90: =L90+L90*J90 -> 25.058 | N90: Caja | O90: 1 | Q90: =P90+P90*J90 -> 0 | R90: =P90*H90 -> 0 | S90: =R90+R90*J90 -> 0
A91: Material Sanitario de Consumo | B91: Antisépticos y desinfectantes. | C91: Surfanios premium 5 litros | D91: 3150DESI00015 | E91: Surfanios premium 5 litros | G91: 12 | H91: =G91*2 -> 24 | I91: 99.65 | J91: 0.21 | K91: =I91+I91*J91 -> 120.5765 | L91: =H91*I91 -> 2391.6 | M91: =L91+L91*J91 -> 2893.836 | N91: Unidad | O91: 1 | Q91: =P91+P91*J91 -> 0 | R91: =P91*H91 -> 0 | S91: =R91+R91*J91 -> 0
A92: Material Sanitario de Consumo | B92: Otro material sanitario. | C92: Almohadillas para electrodos 6X8cm | D92: 3190ELEC00001 | E92: Almohadillas para electrodos. Esponjas para humedecer y asegurar la conductividad en la aplicación con electrodos de caucho, elaborada con tres capas que mantiene el grado de humedad todo el tratamiento 6X8cm | F92: 8711208 | G92: 263 | H92: =G92*2 -> 526 | I92: 1.5 | J92: 0.21 | K92: =I92+I92*J92 -> 1.815 | L92: =H92*I92 -> 789 | M92: =L92+L92*J92 -> 954.69 | N92: Unidad | O92: 1 | Q92: =P92+P92*J92 -> 0 | R92: =P92*H92 -> 0 | S92: =R92+R92*J92 -> 0
A93: Material Sanitario de Consumo | B93: Otro material sanitario. | C93: Almohadillas para electrodos 8X12cm. | D93: 3190ELEC00002 | E93: Almohadillas para electrodos 8X12cm. Esponjas para humedecer y asegurar la conductividad en la aplicación con electrodos de caucho, elaborada con tres capas que mantiene el grado de humedad todo el tratamiento | F93: 8711207 | G93: 180 | H93: =G93*2 -> 360 | I93: 1.76 | J93: 0.21 | K93: =I93+I93*J93 -> 2.1296 | L93: =H93*I93 -> 633.6 | M93: =L93+L93*J93 -> 766.656 | N93: Unidad | O93: 1 | Q93: =P93+P93*J93 -> 0 | R93: =P93*H93 -> 0 | S93: =R93+R93*J93 -> 0
A94: Material Sanitario de Consumo | B94: Otro material sanitario. | C94: Electrodos de ECG desechables skintact. | D94: 3190ELEC00014 | E94: Electrodos de ECG desechables skintact. | G94: 4 | H94: =G94*2 -> 8 | I94: 30.6 | J94: 0.21 | K94: =I94+I94*J94 -> 37.026 | L94: =H94*I94 -> 244.8 | M94: =L94+L94*J94 -> 296.208 | N94: Caja | O94: 500 | Q94: =P94+P94*J94 -> 0 | R94: =P94*H94 -> 0 | S94: =R94+R94*J94 -> 0
A95: Material Sanitario de Consumo | B95: Otro material sanitario. | C95: Gel para ultrasonidos estéril en sobre t | D95: 3190ELEC00017 | E95: Gel para ultrasonidos estéril en sobre termosellado. 20 ml. | F95: 01-01 | G95: 8 | H95: =G95*2 -> 16 | I95: 94 | J95: 0.1 | K95: =I95+I95*J95 -> 103.4 | L95: =H95*I95 -> 1504 | M95: =L95+L95*J95 -> 1654.4 | N95: Caja | O95: 48 | Q95: =P95+P95*J95 -> 0 | R95: =P95*H95 -> 0 | S95: =R95+R95*J95 -> 0
A96: Material Sanitario de Consumo | B96: Otro material sanitario. | C96: Alfombra antimicrobiana y antibacterian | D96: 3190QUIR00001 | E96: Alfombra antimicrobiana y antibacteriana de 45X115. Azul. Multicapa Fuerte. Limpia las suelas de los zapatos y ruedas de camillas al deslizarse por encima de la alfombra. Barrera contra crecimiento y proliferación de microorganismos. Masa adherente con agente bactericida. | G96: 1 | H96: =G96*2 -> 2 | I96: 174.42 | J96: 0.21 | K96: =I96+I96*J96 -> 211.0482 | L96: =H96*I96 -> 348.84 | M96: =L96+L96*J96 -> 422.0964 | N96: Caja | O96: 150 | Q96: =P96+P96*J96 -> 0 | R96: =P96*H96 -> 0 | S96: =R96+R96*J96 -> 0
A97: Material Sanitario de Consumo | B97: Otro material sanitario. | C97: Alfombra antimicrobiana y antibacteriana | D97: 3190QUIR00002 | E97: Alfombra antimicrobiana y antibacteriana 90X115 azul. Multicapa Fuerte. Limpia las suelas de los zapatos y ruedas de camillas al deslizarse por encima de la alfombra. Barrera contra crecimiento y proliferación de microorganismos. Masa adherente con agente bactericida. | F97: GIM36695 | G97: 12 | H97: =G97*2 -> 24 | I97: 232.56 | J97: 0.21 | K97: =I97+I97*J97 -> 281.3976 | L97: =H97*I97 -> 5581.44 | M97: =L97+L97*J97 -> 6753.5424 | N97: Caja | O97: 150 | Q97: =P97+P97*J97 -> 0 | R97: =P97*H97 -> 0 | S97: =R97+R97*J97 -> 0
A98: Material Sanitario de Consumo | B98: Otro material sanitario. | C98: Alfombrilla 3/4 de mesa 1150x 520x 10mm | D98: 3190QUIR00003 | E98: Alfombrilla de mesa de operaciones, combina silicona ultra suave y ligera en la base y gel de silicona más denso en la superficie, con perfil en relieve único que amortigua el cuerpo durante la cirugía. Alfombrilla 3/4 de mesa 1150x 520x 10mm | F98: AZ611 | G98: 1 | H98: =G98*2 -> 2 | I98: 628.79 | J98: 0.21 | K98: =I98+I98*J98 -> 760.8359 | L98: =H98*I98 -> 1257.58 | M98: =L98+L98*J98 -> 1521.6718 | N98: Unidad | O98: 1 | Q98: =P98+P98*J98 -> 0 | R98: =P98*H98 -> 0 | S98: =R98+R98*J98 -> 0
A99: Material Sanitario de Consumo | B99: Otro material sanitario. | C99: Alfombrilla de mesa universal 520 x 520x | D99: 3190QUIR00004 | E99: Alfombrilla de mesa de operaciones combina silicona ultra suave y ligera en la base y gel de silicona más denso en la superficie, con perfil en relieve único que amortigua el cuerpo durante la cirugía. Alfombrilla de mesa universal 520 x 520x 10mm | F99: AZ610 | G99: 1 | H99: =G99*2 -> 2 | I99: 277.44 | J99: 0.21 | K99: =I99+I99*J99 -> 335.7024 | L99: =H99*I99 -> 554.88 | M99: =L99+L99*J99 -> 671.4048 | N99: Unidad | O99: 1 | Q99: =P99+P99*J99 -> 0 | R99: =P99*H99 -> 0 | S99: =R99+R99*J99 -> 0
A100: Material Sanitario de Consumo | B100: Otro material sanitario. | C100: Sal yodada para respirador anestesia | D100: 3190RESP00001 | E100: Sal yodada para respirador anestesia | F100: A009511 2105489006 | G100: 1 | H100: =G100*2 -> 2 | I100: 337.09 | J100: 0.21 | K100: =I100+I100*J100 -> 407.8789 | L100: =H100*I100 -> 674.18 | M100: =L100+L100*J100 -> 815.7578 | N100: Unidad | O100: 1 | Q100: =P100+P100*J100 -> 0 | R100: =P100*H100 -> 0 | S100: =R100+R100*J100 -> 0
...

Sheet LOTE 3
A1: LOTE 3
A2: FAMILIA PIXEL | B2: SUBFAMILIA PIXEL | C2: NOMBRE | D2: MATERIAL MUTUA MONTAÑESA | E2: DESCRIPCIÓN ARTÍCULO SOLICITADO MM | F2: Referencia Fabricante | G2: Cantidad estimada PARA 1 AÑO | H2: Cantidad estimada PARA 2 AÑOS | I2: Precio Unitario MAXIMO | J2: IVA | K2: Precio unitario con IVA MAXIMO | L2: PBL 2 AÑOS SIN IVA | M2: PBL 2 AÑOS CON IVA | N2: CAJA ó UNIDAD | O2: UNIDADES | P2: PRECIO UNITARIO OFERTADO SIN IVA | Q2: PRECIO UNITARIO OFERTADO CON IVA | R2: OFERTA TOTAL 2 AÑOS SIN IVA | S2: OFERTA TOTAL 2 AÑOS CON IVA | T2: REFERENCIA FABRICANTE OFERTADO
A3: Material Sanitario de Consumo | B3: Prótesis e implantes. | C3: 20 large titanium clips- ligaclip mca | D3: 3180CLIP00001 | E3: 20 large titanium clips- ligaclip mca | G3: 2 | H3: =G3*2 -> 4 | I3: 673.2 | J3: 0.1 | K3: =I3+I3*J3 -> 740.52 | L3: =I3*H3 -> 2692.8 | M3: =L3+L3*J3 -> 2962.08 | N3: Caja | O3: 6 | Q3: =P3+P3*J3 -> 0 | R3: =P3*H3 -> 0 | S3: =R3+R3*J3 -> 0
A4: Material Sanitario de Consumo | B4: Prótesis e implantes. | C4: 20 small titanium clips ligaclip mca | D4: 3180CLIP00002 | E4: 20 small titanium clips ligaclip mca | G4: 6 | H4: =G4*2 -> 12 | I4: 673.2 | J4: 0.1 | K4: =I4+I4*J4 -> 740.52 | L4: =I4*H4 -> 8078.4 | M4: =L4+L4*J4 -> 8886.24 | N4: Caja | O4: 6 | Q4: =P4+P4*J4 -> 0 | R4: =P4*H4 -> 0 | S4: =R4+R4*J4 -> 0
A5: Material Sanitario de Consumo | B5: Prótesis e implantes. | C5: Aplicador clip titanio l-24cm | D5: 3180CLIP00003 | E5: Aplicador clip titanio l-24cm | G5: 5 | H5: =G5*2 -> 10 | I5: 397.8 | J5: 0.1 | K5: =I5+I5*J5 -> 437.58 | L5: =I5*H5 -> 3978 | M5: =L5+L5*J5 -> 4375.8 | N5: Caja | O5: 6 | Q5: =P5+P5*J5 -> 0 | R5: =P5*H5 -> 0 | S5: =R5+R5*J5 -> 0
A6: Material Sanitario de Consumo | B6: Otro material sanitario. | C6: Accesorio del equipo sterrad, contenedor | D6: 3190ESTE00001 | E6: Accesorio del equipo sterrad, contenedor que almacena 3 cassettes después de su uso. | G6: 2 | H6: =G6*2 -> 4 | I6: 279.48 | J6: 0.21 | K6: =I6+I6*J6 -> 338.1708 | L6: =I6*H6 -> 1117.92 | M6: =L6+L6*J6 -> 1352.6832 | N6: Unidad | O6: 1 | Q6: =P6+P6*J6 -> 0 | R6: =P6*H6 -> 0 | S6: =R6+R6*J6 -> 0
A7: Material Sanitario de Consumo | B7: Otro material sanitario. | C7: Cassettes sterrad nx. esterilizante, ent | D7: 3190ESTE00013 | E7: Cassettes sterrad nx. esterilizante en formato de cassette, que entrega una cantidad predefinida de peróxido de hidrógeno por ciclo para lograr la esterilización de manera conveniente y efectiva. | G7: 29 | H7: =G7*2 -> 58 | I7: 642.6 | J7: 0.21 | K7: =I7+I7*J7 -> 777.546 | L7: =I7*H7 -> 37270.8 | M7: =L7+L7*J7 -> 45097.668 | N7: Caja | O7: 5 | Q7: =P7+P7*J7 -> 0 | R7: =P7*H7 -> 0 | S7: =R7+R7*J7 -> 0
K8: PBL 2 AÑOS | L8: =SUM(L3:L7) -> 53137.92 | M8: =SUM(M3:M7) -> 62674.471 | Q8: OFERTA TOTAL 2 AÑOS SIN IVA | R8: =SUM(R3:R7) -> 0
R9: OFERTA TOTAL 2 AÑOS CON IVA | S9: =SUM(S3:S7) -> 0

Sheet LOTE 4
A1: LOTE 4
A2: FAMILIA PIXEL | B2: SUBFAMILIA PIXEL | C2: NOMBRE | D2: MATERIAL MUTUA MONTAÑESA | E2: DESCRIPCIÓN ARTÍCULO SOLICITADO MM | F2: Referencia Fabricante | G2: Cantidad estimada 1 AÑO | H2: Cantidad estimada 2 AÑOS | I2: Precio Unitario MAXIMO | J2: IVA | K2: Precio unitario con IVA MAXIMO | L2: PBL 2 AÑOS SIN IVA | M2: PBL 2 AÑOS CON IVA | N2: CAJA ó UNIDAD | O2: UNIDADES | P2: PRECIO UNITARIO OFERTADO SIN IVA | Q2: PRECIO UNITARIO OFERTADO CON IVA | R2: OFERTA TOTAL 2 AÑOS SIN IVA | S2: OFERTA TOTAL 2 AÑOS CON IVA | T2: REFERENCIA FABRICANTE OFERTADO
A3: Material Sanitario de Consumo | B3: Otro material desechable. | C3: Guante látex estéril signature essential | D3: 3130GUAN00001 | E3: Guante látex estéril signature essential T-6,5 | F3: MSG5965 | G3: 15 | H3: =G3*2 -> 30 | I3: 22.44 | J3: 0.21 | K3: =I3+I3*J3 -> 27.1524 | L3: =H3*I3 -> 673.2 | M3: =L3+L3*J3 -> 814.572 | N3: Caja | O3: 100 | Q3: =P3+P3*J3 -> 0 | R3: =P3*H3 -> 0 | S3: =R3+R3*J3 -> 0
A4: Material Sanitario de Consumo | B4: Otro material desechable. | C4: Guante látex estéril signatura essentia | D4: 3130GUAN00002 | E4: Guante látex estéril signatura essential T-7 | F4: MSG5970 | G4: 15 | H4: =G4*2 -> 30 | I4: 22.44 | J4: 0.21 | K4: =I4+I4*J4 -> 27.1524 | L4: =H4*I4 -> 673.2 | M4: =L4+L4*J4 -> 814.572 | N4: Caja | O4: 100 | Q4: =P4+P4*J4 -> 0 | R4: =P4*H4 -> 0 | S4: =R4+R4*J4 -> 0
A5: Material Sanitario de Consumo | B5: Otro material desechable. | C5: Guante látex estéril signatura essentia | D5: 3130GUAN00003 | E5: Guante látex estéril signatura essential T-8 | F5: MSG5980 | G5: 15 | H5: =G5*2 -> 30 | I5: 22.44 | J5: 0.21 | K5: =I5+I5*J5 -> 27.1524 | L5: =H5*I5 -> 673.2 | M5: =L5+L5*J5 -> 814.572 | N5: Caja | O5: 100 | Q5: =P5+P5*J5 -> 0 | R5: =P5*H5 -> 0 | S5: =R5+R5*J5 -> 0
A6: Material Sanitario de Consumo | B6: Otro material desechable. | C6: Guante látex estéril signatura essentia | D6: 3130GUAN00004 | E6: Guante látex estéril signatura essential T-7,5 | F6: MSG5975 | G6: 15 | H6: =G6*2 -> 30 | I6: 22.44 | J6: 0.21 | K6: =I6+I6*J6 -> 27.1524 | L6: =H6*I6 -> 673.2 | M6: =L6+L6*J6 -> 814.572 | N6: Caja | O6: 100 | Q6: =P6+P6*J6 -> 0 | R6: =P6*H6 -> 0 | S6: =R6+R6*J6 -> 0
A7: Material Sanitario de Consumo | B7: Otro material desechable. | C7: Guante látex estéril signatura essentia | D7: 3130GUAN00005 | E7: Guante látex estéril signatura essential T-6 | F7: MSG5960 | G7: 15 | H7: =G7*2 -> 30 | I7: 22.44 | J7: 0.21 | K7: =I7+I7*J7 -> 27.1524 | L7: =H7*I7 -> 673.2 | M7: =L7+L7*J7 -> 814.572 | N7: Caja | O7: 100 | Q7: =P7+P7*J7 -> 0 | R7: =P7*H7 -> 0 | S7: =R7+R7*J7 -> 0
A8: Material Sanitario de Consumo | B8: Otro material desechable. | C8: Guante látex estéril signatura essentia | D8: 3130GUAN00006 | E8: Guante látex estéril signatura essential T-8,5 | F8: MSG5985 | G8: 15 | H8: =G8*2 -> 30 | I8: 22.44 | J8: 0.21 | K8: =I8+I8*J8 -> 27.1524 | L8: =H8*I8 -> 673.2 | M8: =L8+L8*J8 -> 814.572 | N8: Caja | O8: 100 | Q8: =P8+P8*J8 -> 0 | R8: =P8*H8 -> 0 | S8: =R8+R8*J8 -> 0
A9: Material Sanitario de Consumo | B9: Otro material desechable. | C9: Funda estéril de amplificador foliodrape | D9: 3130QUIR00004 | E9: Funda estéril de amplificador foliodrape 76x91 | F9: ICE63036R | G9: 1 | H9: =G9*2 -> 2 | I9: 23.46 | J9: 0.21 | K9: =I9+I9*J9 -> 28.3866 | L9: =H9*I9 -> 46.92 | M9: =L9+L9*J9 -> 56.7732 | N9: Caja | O9: 40 | Q9: =P9+P9*J9 -> 0 | R9: =P9*H9 -> 0 | S9: =R9+R9*J9 -> 0
A10: Material Sanitario de Consumo | B10: Otro material desechable. | C10: Funda para arco en C mini 137X216CM | D10: 3130QUIR00005 | E10: Funda para arco en C mini 137X216CM | F10: ICE4420 | G10: 4 | H10: =G10*2 -> 8 | I10: 108.8 | J10: 0.21 | K10: =I10+I10*J10 -> 131.648 | L10: =H10*I10 -> 870.4 | M10: =L10+L10*J10 -> 1053.184 | N10: Caja | O10: 20 | Q10: =P10+P10*J10 -> 0 | R10: =P10*H10 -> 0 | S10: =R10+R10*J10 -> 0
A11: Material Sanitario de Consumo | B11: Otro material desechable. | C11: Funda de arco en C para orthoscan. Medid | D11: 3130QUIR00010 | E11: Funda de arco en C para orthoscan. Funda de polietileno antiestático transparente y ajustable para la protección del arco en C. Medidas 137x160cm. Envase unitario estéril. | F11: 8888MEU-ZIE | G11: 2 | H11: =G11*2 -> 4 | I11: 125.97 | J11: 0.21 | K11: =I11+I11*J11 -> 152.4237 | L11: =H11*I11 -> 503.88 | M11: =L11+L11*J11 -> 609.6948 | N11: Caja | O11: 20 | Q11: =P11+P11*J11 -> 0 | R11: =P11*H11 -> 0 | S11: =R11+R11*J11 -> 0
A12: Material Sanitario de Consumo | B12: Otro material desechable. | C12: Tubo en tandem Med-soft. | D12: 3130QUIR00011 | E12: Tubo en tandem Med-soft. | F12: DYNDTND | G12: 1 | H12: =G12*2 -> 2 | I12: 42.43 | J12: 0.21 | K12: =I12+I12*J12 -> 51.3403 | L12: =H12*I12 -> 84.86 | M12: =L12+L12*J12 -> 102.6806 | N12: Caja | O12: 20 | Q12: =P12+P12*J12 -> 0 | R12: =P12*H12 -> 0 | S12: =R12+R12*J12 -> 0
A13: Material Sanitario de Consumo | B13: Otro material desechable. | C13: Bolsa de aspiración 3l. Med-soft | D13: 3130RESP00048 | E13: Bolsa de aspiración 3l. Med-soft | F13: DYNDSCL3000 | G13: 2 | H13: =G13*2 -> 4 | I13: 108.12 | J13: 0.21 | K13: =I13+I13*J13 -> 130.8252 | L13: =H13*I13 -> 432.48 | M13: =L13+L13*J13 -> 523.3008 | N13: Caja | O13: 50 | Q13: =P13+P13*J13 -> 0 | R13: =P13*H13 -> 0 | S13: =R13+R13*J13 -> 0
A14: Material Sanitario de Consumo | B14: Otro material desechable. | C14: Funda de empuñadura de lámpara quirúrgi | D14: 3130ROPA00020 | E14: Funda de empuñadura de lámpara quirúrgica Flex, plana, 1EA | F14: FLHC1 | G14: 9 | H14: =G14*2 -> 18 | I14: 204 | J14: 0.21 | K14: =I14+I14*J14 -> 246.84 | L14: =H14*I14 -> 3672 | M14: =L14+L14*J14 -> 4443.12 | N14: Caja | O14: 400 | Q14: =P14+P14*J14 -> 0 | R14: =P14*H14 -> 0 | S14: =R14+R14*J14 -> 0
... A23: Material Sanitario de Consumo | B23: Otro material sanitario. | C23: Mascarilla quirúrgica con visor azul. | D23: 3190RESP00002 | E23: Mascarilla quirúrgica, con cintas, protector y tira de espuma antivaho. Mascarilla quirúrgica con visor azul. | F23: NONE27 410 | G23: 5 | H23: =G23*2 -> 10 | I23: 30.6 | J23: 0.21 | K23: =I23+I23*J23 -> 37.026 | L23: =H23*I23 -> 306 | M23: =L23+L23*J23 -> 370.26 | N23: Caja | O23: 100 | Q23: =P23+P23*J23 -> 0 | R23: =P23*H23 -> 0 | S23: =R23+R23*J23 -> 0
C24: #N/A | K24: PBL 2 AÑOS | L24: =SUM(L3:L23) -> 76421.7 | M24: =SUM(M3:M23) -> 92470.257 | Q24: OFERTA TOTAL 2 AÑOS SIN IVA | R24: =SUM(R3:R23) -> 0
R25: OFERTA TOTAL 2 AÑOS CON IVA | S25: =SUM(S3:S23) -> 0

Sheet LOTE 5
A1: LOTE 5
A2: FAMILIA PIXEL | B2: SUBFAMILIA PIXEL | C2: NOMBRE | D2: MATERIAL MUTUA MONTAÑESA | E2: DESCRIPCIÓN ARTÍCULO SOLICITADO MM | F2: Referencia Fabricante | G2: Cantidad estimada 1 AÑO | H2: Cantidad estimada 2 AÑOS | I2: Precio Unitario MAXIMO | J2: IVA | K2: Precio unitario con IVA MAXIMO | L2: PBL 2 AÑOS SIN IVA | M2: PBL 2 AÑOS CON IVA | N2: CAJA ó UNIDAD | O2: UNIDADES | P2: PRECIO UNITARIO OFERTADO SIN IVA | Q2: PRECIO UNITARIO OFERTADO CON IVA | R2: OFERTA TOTAL 2 AÑOS SIN IVA | S2: OFERTA TOTAL 2 AÑOS CON IVA | T2: REFERENCIA FABRICANTE OFERTADO
A3: Productos Farmacéuticos | B3: Otros fármacos específicos. | C3: Barrera antiad sp 3ml | D3: 3009KITS00001 | E3: Barrera antiad sp 3ml. Barrera antiadherencia gel, biocompatible, reabsorbible y fluido compuesto por ácido hialurónico sódico auto-reticulado totalmente sintético | F3: AABG-3SP | G3: 31 | H3: =G3*2 -> 62 | I3: 561 | J3: 0.1 | K3: =I3+I3*J3 -> 617.1 | L3: =H3*I3 -> 34782 | M3: =L3+L3*J3 -> 38260.2 | N3: Unidad | O3: 1 | Q3: =P3+P3*J3 -> 0 | R3: =P3*H3 -> 0 | S3: =R3+R3*J3 -> 0
A4: Material Sanitario de Consumo | B4: Otro material desechable. | C4: Torniquete cirugía podológica Tallas M / | D4: 3130QUIR00013 | E4: Torniquete cirugía podológica Tallas M / L / XL | F4: 12.485 | G4: 55 | H4: =G4*2 -> 110 | I4: 41.82 | J4: 0.21 | K4: =I4+I4*J4 -> 50.6022 | L4: =H4*I4 -> 4600.2 | M4: =L4+L4*J4 -> 5566.242 | N4: Caja | O4: 5 | Q4: =P4+P4*J4 -> 0 | R4: =P4*H4 -> 0 | S4: =R4+R4*J4 -> 0
A5: Material Sanitario de Consumo | B5: Otro material sanitario. | C5: Spray aesculap motores | D5: 3190ESTE00032 | E5: Spray aesculap motores | F5: GB600 | G5: 4 | H5: =G5*2 -> 8 | I5: 94.86 | J5: 0.21 | K5: =I5+I5*J5 -> 114.7806 | L5: =H5*I5 -> 758.88 | M5: =L5+L5*J5 -> 918.2448 | N5: Unidad | O5: 1 | Q5: =P5+P5*J5 -> 0 | R5: =P5*H5 -> 0 | S5: =R5+R5*J5 -> 0
A6: Instrumental y pequeño utillaje | B6: Instrumental y pequeño utillaje de uso clínico. | C6: Impresora de etiquetas impresión directa | D6: 3200ADAP00013 | E6: Impresora de etiquetas, conexión eternet, impresión directa desde aplicaciones windows sin necesidad de SW intermedio. <Tamaño de etiquetas>, entorno sanitario,… | G6: 3 | H6: =G6*2 -> 6 | I6: 765 | J6: 0.21 | K6: =I6+I6*J6 -> 925.65 | L6: =H6*I6 -> 4590 | M6: =L6+L6*J6 -> 5553.9 | N6: Unidad | O6: 1 | Q6: =P6+P6*J6 -> 0 | R6: =P6*H6 -> 0 | S6: =R6+R6*J6 -> 0
A7: Instrumental y pequeño utillaje | B7: Instrumental y pequeño utillaje de uso clínico. | C7: Cepillo limpieza instrumental 2x75mm p/3 | D7: 3200ESTE00001 | E7: Cepillo limpieza instrumental 2x75mm p/3 | G7: 2 | H7: =G7*2 -> 4 | I7: 48.88 | J7: 0.21 | K7: =I7+I7*J7 -> 59.1448 | L7: =H7*I7 -> 195.52 | M7: =L7+L7*J7 -> 236.5792 | N7: Unidad | O7: 1 | Q7: =P7+P7*J7 -> 0 | R7: =P7*H7 -> 0 | S7: =R7+R7*J7 -> 0
A8: Instrumental y pequeño utillaje | B8: Instrumental y pequeño utillaje de uso clínico. | C8: Cepillo limpieza instrumental 5x75mm p/3 | D8: 3200ESTE00002 | E8: Cepillo limpieza instrumental 5x75mm p/3 | G8: 2 | H8: =G8*2 -> 4 | I8: 38 | J8: 0.21 | K8: =I8+I8*J8 -> 45.98 | L8: =H8*I8 -> 152 | M8: =L8+L8*J8 -> 183.92 | N8: Unidad | O8: 1 | Q8: =P8+P8*J8 -> 0 | R8: =P8*H8 -> 0 | S8: =R8+R8*J8 -> 0
A9: Instrumental y pequeño utillaje | B9: Instrumental y pequeño utillaje de uso clínico. | C9: Cepillo limpieza instrumental 10x75mm p/ | D9: 3200ESTE00003 | E9: Cepillo limpieza instrumental 10x75mm p/3 | G9: 2 | H9: =G9*2 -> 4 | I9: 38 | J9: 0.21 | K9: =I9+I9*J9 -> 45.98 | L9: =H9*I9 -> 152 | M9: =L9+L9*J9 -> 183.92 | N9: Unidad | O9: 1 | Q9: =P9+P9*J9 -> 0 | R9: =P9*H9 -> 0 | S9: =R9+R9*J9 -> 0
A10: Instrumental y pequeño utillaje | B10: Instrumental y pequeño utillaje de uso clínico. | C10: Conjunto cepillos limpieza instrumental | D10: 3200INST00019 | E10: Conjunto cepillos limpieza instrumental canulados | G10: 1 | H10: =G10*2 -> 2 | I10: 38 | J10: 0.21 | K10: =I10+I10*J10 -> 45.98 | L10: =H10*I10 -> 76 | M10: =L10+L10*J10 -> 91.96 | N10: Unidad | O10: 1 | Q10: =P10+P10*J10 -> 0 | R10: =P10*H10 -> 0 | S10: =R10+R10*J10 -> 0
A11: Instrumental y pequeño utillaje | B11: Instrumental y pequeño utillaje de uso clínico. | C11: Cuña para enfermo de plástico | D11: 3200INST00023 | E11: Cuña para enfermo de plástico | G11: 11 | H11: =G11*2 -> 22 | I11: 11.22 | J11: 0.21 | K11: =I11+I11*J11 -> 13.5762 | L11: =H11*I11 -> 246.84 | M11: =L11+L11*J11 -> 298.6764 | N11: Unidad | O11: 1 | Q11: =P11+P11*J11 -> 0 | R11: =P11*H11 -> 0 | S11: =R11+R11*J11 -> 0
A12: Instrumental y pequeño utillaje | B12: Instrumental y pequeño utillaje de uso clínico. | C12: Palangana sanitaria 28 cm | D12: 3200INST00024 | E12: Palangana sanitaria 28 cm | G12: 11 | H12: =G12*2 -> 22 | I12: 7.14 | J12: 0.21 | K12: =I12+I12*J12 -> 8.6394 | L12: =H12*I12 -> 157.08 | M12: =L12+L12*J12 -> 190.0668 | N12: Unidad | O12: 1 | Q12: =P12+P12*J12 -> 0 | R12: =P12*H12 -> 0 | S12: =R12+R12*J12 -> 0
A13: Instrumental y pequeño utillaje | B13: Instrumental y pequeño utillaje de uso clínico. | C13: Botella orina caballero 1 litro | D13: 3200INST00025 | E13: Botella orina caballero 1 litro | G13: 11 | H13: =G13*2 -> 22 | I13: 7.14 | J13: 0.21 | K13: =I13+I13*J13 -> 8.6394 | L13: =H13*I13 -> 157.08 | M13: =L13+L13*J13 -> 190.0668 | N13: Unidad | O13: 1 | Q13: =P13+P13*J13 -> 0 | R13: =P13*H13 -> 0 | S13: =R13+R13*J13 -> 0
A14: Instrumental y pequeño utillaje | B14: Instrumental y pequeño utillaje de uso clínico. | C14: Mancuerna neopreno 5 kg | D14: 3200REHA00032 | E14: Mancuerna neopreno 5 kg | F14: A009847 | G14: 2 | H14: =G14*2 -> 4 | I14: 76.32 | J14: 0.21 | K14: =I14+I14*J14 -> 92.3472 | L14: =H14*I14 -> 305.28 | M14: =L14+L14*J14 -> 369.3888 | N14: Unidad | O14: 1 | Q14: =P14+P14*J14 -> 0 | R14: =P14*H14 -> 0 | S14: =R14+R14*J14 -> 0
A15: Instrumental y pequeño utillaje | B15: Instrumental y pequeño utillaje de uso clínico. | C15: Mancuerna neopreno 6 kg | D15: 3200REHA00033 | E15: Mancuerna neopreno 6 kg | F15: A009848 | G15: 2 | H15: =G15*2 -> 4 | I15: 107.65 | J15: 0.21 | K15: =I15+I15*J15 -> 130.2565 | L15: =H15*I15 -> 430.6 | M15: =L15+L15*J15 -> 521.026 | N15: Unidad | O15: 1 | Q15: =P15+P15*J15 -> 0 | R15: =P15*H15 -> 0 | S15: =R15+R15*J15 -> 0
A16: Instrumental y pequeño utillaje | B16: Instrumental y pequeño utillaje de uso clínico. | C16: Mancuerna neopreno 1 kg | D16: 3200REHA00034 | E16: Mancuerna neopreno 1 kg | F16: A009850 | G16: 1 | H16: =G16*2 -> 2 | I16: 14.06 | J16: 0.21 | K16: =I16+I16*J16 -> 17.0126 | L16: =H16*I16 -> 28.12 | M16: =L16+L16*J16 -> 34.0252 | N16: Unidad | O16: 1 | Q16: =P16+P16*J16 -> 0 | R16: =P16*H16 -> 0 | S16: =R16+R16*J16 -> 0
A17: Instrumental y pequeño utillaje | B17: Instrumental y pequeño utillaje de uso clínico. | C17: Pesa rusa/ kettlebell 8 kg | D17: 3200REHA00035 | E17: Pesa rusa/ kettlebell 8 kg | F17: A011143 | G17: 1 | H17: =G17*2 -> 2 | I17: 28.14 | J17: 0.21 | K17: =I17+I17*J17 -> 34.0494 | L17: =H17*I17 -> 56.28 | M17: =L17+L17*J17 -> 68.0988 | N17: Unidad | O17: 1 | Q17: =P17+P17*J17 -> 0 | R17: =P17*H17 -> 0 | S17: =R17+R17*J17 -> 0
A18: Instrumental y pequeño utillaje | B18: Instrumental y pequeño utillaje de uso clínico. | C18: Plataforma pliométrica en madera.Estruct | D18: 3200REHA00036 | E18: Plataforma pliométrica en madera.Estructura reforzada. Diferentes alturas de salto (50 cm, 60 cm, 70 cm). | F18: SV4602 | G18: 5 | H18: =G18*2 -> 10 | I18: 61.2 | J18: 0.21 | K18: =I18+I18*J18 -> 74.052 | L18: =H18*I18 -> 612 | M18: =L18+L18*J18 -> 740.52 | N18: Unidad | O18: 1 | Q18: =P18+P18*J18 -> 0 | R18: =P18*H18 -> 0 | S18: =R18+R18*J18 -> 0
A19: Instrumental y pequeño utillaje | B19: Instrumental y pequeño utillaje de uso clínico. | C19: Bolsa con carcasa de PVC resistente 15kg | D19: 3200REHA00037 | E19: Bolsa con carcasa de PVC resistente, ideal para mejorar la fuerza y el equilibrio corporal gracias a la inestabilidad del flujo de agua. Ofrece métodos de ejercicio más interesantes para los entusiastas del fitness y los atletas. Regule el volumen de agua con una capacidad máxima de 15 a 30 kg según el modelo. Equipado con 4 asas reforzadas para variar los ejercicios. Compacto cuando está plegado, es fácil de transportar y utilizar en el gimnasio o en casa. Indicador de peso cerca del nivel del agua. Tapón con válvula de aire/drenaje en el extremo. 15kgs | F19: SV4460 | G19: 2 | H19: =G19*2 -> 4 | I19: 56.1 | J19: 0.21 | K19: =I19+I19*J19 -> 67.881 | L19: =H19*I19 -> 224.4 | M19: =L19+L19*J19 -> 271.524 | N19: Unidad | O19: 1 | Q19: =P19+P19*J19 -> 0 | R19: =P19*H19 -> 0 | S19: =R19+R19*J19 -> 0
A20: Instrumental y pequeño utillaje | B20: Instrumental y pequeño utillaje de uso clínico. | C20: Kit Platos y barra de levantamiento de p | D20: 3200REHA00038 | E20: Kit Platos y barra de levantamiento de peso. Herramienta versátil para realizar ejercicios de peso. Ideal para el uso en casa. Incluye: - Set: - 1 barra - tres pares de discos (total 17,5Kg) - dos bloqueos de discos. - Discos: 2 x 5 kg en negro, 2 x 2,5 kg en rojo, 2 x 1,25 kg en amarillo | F20: P2I200720 | G20: 5 | H20: =G20*2 -> 10 | I20: 45.9 | J20: 0.21 | K20: =I20+I20*J20 -> 55.539 | L20: =H20*I20 -> 459 | M20: =L20+L20*J20 -> 555.39 | N20: Caja | O20: 5 | Q20: =P20+P20*J20 -> 0 | R20: =P20*H20 -> 0 | S20: =R20+R20*J20 -> 0
A21: Instrumental y pequeño utillaje | B21: Instrumental y pequeño utillaje de uso clínico. | C21: WaterBall 16 cm. 1,5kg. | D21: 3200REHA00039 | E21: WaterBall es una pelota medicinal particular, disponible en diferentes pesos y diámetros, que contiene suficiente agua para crear movimiento en su interior. 16 cm. 1,5kg. | G21: 5 | H21: =G21*2 -> 10 | I21: 61.2 | J21: 0.21 | K21: =I21+I21*J21 -> 74.052 | L21: =H21*I21 -> 612 | M21: =L21+L21*J21 -> 740.52 | N21: Unidad | O21: 1 | Q21: =P21+P21*J21 -> 0 | R21: =P21*H21 -> 0 | S21: =R21+R21*J21 -> 0
A22: Instrumental y pequeño utillaje | B22: Instrumental y pequeño utillaje de uso clínico. | C22: WaterBall. 26 cm. 3kg. | D22: 3200REHA00040 | E22: WaterBall es una pelota medicinal particular, disponible en diferentes pesos y diámetros, que contiene suficiente agua para crear movimiento en su interior. 26 cm. 3kg. | G22: 5 | H22: =G22*2 -> 10 | I22: 61.2 | J22: 0.21 | K22: =I22+I22*J22 -> 74.052 | L22: =H22*I22 -> 612 | M22: =L22+L22*J22 -> 740.52 | N22: Unidad | O22: 1 | Q22: =P22+P22*J22 -> 0 | R22: =P22*H22 -> 0 | S22: =R22+R22*J22 -> 0
A23: Instrumental y pequeño utillaje | B23: Instrumental y pequeño utillaje de uso clínico. | C23: WaterBell | D23: 3200REHA00041 | E23: WaterBell es una pesa rusa particular, disponible en diferentes pesos, que contiene suficiente agua para crear movimiento en su interior | G23: 5 | H23: =G23*2 -> 10 | I23: 76.5 | J23: 0.21 | K23: =I23+I23*J23 -> 92.565 | L23: =H23*I23 -> 765 | M23: =L23+L23*J23 -> 925.65 | N23: Unidad | O23: 1 | Q23: =P23+P23*J23 -> 0 | R23: =P23*H23 -> 0 | S23: =R23+R23*J23 -> 0
A24: Instrumental y pequeño utillaje | B24: Instrumental y pequeño utillaje de uso clínico. | C24: Juego de 15 ventosas (11 lisas y 4 anató | D24: 3200REHA00042 | E24: Juego de 15 ventosas (11 lisas y 4 anatómicas) con válvula metálica. Ventosas de plástico con válvula de metal | F24: 759-039 | G24: 5 | H24: =G24*2 -> 10 | I24: 61.2 | J24: 0.21 | K24: =I24+I24*J24 -> 74.052 | L24: =H24*I24 -> 612 | M24: =L24+L24*J24 -> 740.52 | N24: Caja | O24: 15 | Q24: =P24+P24*J24 -> 0 | R24: =P24*H24 -> 0 | S24: =R24+R24*J24 -> 0
A25: Instrumental y pequeño utillaje | B25: Instrumental y pequeño utillaje de uso clínico. | C25: Actualización original a advanced negre | D25: 3200REHA00043 | E25: Actualización original a advanced negre | F25: XOAVN | G25: 4 | H25: =G25*2 -> 8 | I25: 163.2 | J25: 0.21 | K25: =I25+I25*J25 -> 197.472 | L25: =H25*I25 -> 1305.6 | M25: =L25+L25*J25 -> 1579.776 | N25: Unidad | O25: 1 | Q25: =P25+P25*J25 -> 0 | R25: =P25*H25 -> 0 | S25: =R25+R25*J25 -> 0
A26: Instrumental y pequeño utillaje | B26: Instrumental y pequeño utillaje de uso clínico. | C26: Bandas Elasticas Musculacion Verde, lila | D26: 3200REHA00044 | E26: Bandas Elasticas Musculacion, gomas elásticas musculacion antideslizantes de tela, cintas elasticas musculacion 3 niveles de ejercicios para gluteos, cadera, piernas, yoga, pilates, crossfit, fitness. Verde, lila, negro | G26: 5 | H26: =G26*2 -> 10 | I26: 15.3 | J26: 0.21 | K26: =I26+I26*J26 -> 18.513 | L26: =H26*I26 -> 153 | M26: =L26+L26*J26 -> 185.13 | N26: Unidad | O26: 1 | Q26: =P26+P26*J26 -> 0 | R26: =P26*H26 -> 0 | S26: =R26+R26*J26 -> 0
A27: Instrumental y pequeño utillaje | B27: Instrumental y pequeño utillaje de uso clínico. | C27: Caudalímetros Ultra-Flo II. Ultra-Flo II | D27: 3200RESP00003 | E27: Caudalímetros Ultra-Flo II. Ultra-Flo II. Regulador de caudal de rotámetro de bola para uso hospitalario en las unidades terminales de Oxígeno y/o Aire. EQ_FLOW_UL-FLO II SE_O2_15_W/CM_ITC_A | F27: 75438 | G27: 15 | H27: =G27*2 -> 30 | I27: 102 | J27: 0.21 | K27: =I27+I27*J27 -> 123.42 | L27: =H27*I27 -> 3060 | M27: =L27+L27*J27 -> 3702.6 | N27: Unidad | O27: 1 | Q27: =P27+P27*J27 -> 0 | R27: =P27*H27 -> 0 | S27: =R27+R27*J27 -> 0
A28: Instrumental y pequeño utillaje | B28: Instrumental y pequeño utillaje de uso clínico. | C28: Regulador de vacío para la aspiración en | D28: 3200RESP00004 | E28: Regulador de vacío que facilita la aspiración en intervenciones quirúrgicas con comodidad y fiabilidad, permitiendo ajustar el flujo de aspiración requerido. Reguvac II AV con conector CM | F28: 74942 | G28: 4 | H28: =G28*2 -> 8 | I28: 142.8 | J28: 0.21 | K28: =I28+I28*J28 -> 172.788 | L28: =H28*I28 -> 1142.4 | M28: =L28+L28*J28 -> 1382.304 | N28: Unidad | O28: 1 | Q28: =P28+P28*J28 -> 0 | R28: =P28*H28 -> 0 | S28: =R28+R28*J28 -> 0
A29: Instrumental y pequeño utillaje | B29: Instrumental y pequeño utillaje de uso clínico. | C29: Frasco recolector de 1 l, peso 550 gr, y | D29: 3200RESP00005 | E29: Frasco recolector de 1 l, peso 550 gr, y dimensiones de 144 x 110 x 260 mm Los frascos de 1 l incorporan conectores que permiten la conexión del recipiente con la línea de aspiración con el paciente, disponiendo deun soporte de chapa con conexión a raíl mediante grapa pomo. | F29: 81751 | G29: 4 | H29: =G29*2 -> 8 | I29: 142.8 | J29: 0.21 | K29: =I29+I29*J29 -> 172.788 | L29: =H29*I29 -> 1142.4 | M29: =L29+L29*J29 -> 1382.304 | N29: Unidad | O29: 1 | Q29: =P29+P29*J29 -> 0 | R29: =P29*H29 -> 0 | S29: =R29+R29*J29 -> 0
K30: PBL 2 AÑOS | L30: =SUM(L3:L29) -> 57387.68 | M30: =SUM(M3:M29) -> 65613.073 | Q30: OFERTA TOTAL 2 AÑOS SIN IVA | R30: =SUM(R3:R29) -> 0
R31: OFERTA TOTAL 2 AÑOS CON IVA | S31: =SUM(S3:S29) -> 0
